 Dungeon Crawl Stone Soup version 0.26-a0-652-gafc20e3620 (webtiles) character file.

Game seed: 11611569714715544211

1694999 Birvald the Conqueror (level 27, -7/185 HPs)
             Began as a Gargoyle Earth Elementalist on Sept 29, 2020.
             Was the Champion of Vehumet.
             Killed by divine providence
             ... invoked by a greater mummy
              (11 damage)
             ... on level 3 of the Tomb of the Ancients on Oct 4, 2020.
             The game lasted 08:32:05 (114633 turns).

Birvald the Conqueror (GrEE)                      Turns: 114633, Time: 08:32:05

Health: -7/185     AC: 60    Str: 25      XL:     27
Magic:  56/81      EV: 34    Int: 43 (44) God:    Vehumet [******]
Gold:   24610      SH:  0    Dex: 18      Spells: 5/80 levels left

rFire    + + .     SeeInvis +   Q - +7 dire flail "Bucken" {protect, MP+9 Int+7}
rCold    + . .     Faith    .   (shield currently unavailable)
rNeg     + + +     Spirit   .   N - +2 robe {Archmagi}
rPois    ∞         Reflect  .   X - +3 crown of Dyrovepreva {rElec Int+2 SInv}
rElec    +         Harm     .   i - +1 cloak "Bunkutwa" {+Fly Str+9 Int+4}
rCorr    +         Rampage  .   F - +3 pair of gauntlets of War {Slay+5}
MR       +++..                  j - +1 pair of boots of Fabulous Salvation {rN+ Regen+ rCorr Int+6}
Stlth    +++++++++.             M - macabre finger necklace {rN+}
HPRegen  0.80/turn              E - ring of the Ban {*Contam rF+ rN+++ MP+9 Dex+6}
MPRegen  0.47/turn              P - ring of Zivikaly {rElec rF+ MP+9}
                                w - ring of Robustness {AC+8}

@: lich-form, marked, flying, slowed, very slow
A: big wings, horns 1, molten scales 1, rugged brown scales 1, yellow scales 1,
agile 1, blink, frail 1, negative energy resistance 1, electricity resistance,
wild magic 1, unbreathing, petrification resistance, rot immunity, AC +20
}: 10/15 runes: decaying, serpentine, slimy, silver, abyssal, demonic, glowing,
magical, fiery, dark
a: Stop Flying, End Transformation, Blink, Renounce Religion


You were on level 3 of the Tomb of the Ancients.
You worshipped Vehumet.
Vehumet was exalted by your worship.
You were a lich.
You visited 13 branches of the dungeon, and saw 61 of its levels.
You visited Pandemonium 1 time, and saw 20 of its levels.
You visited the Abyss 4 times.
You visited 2 bazaars.
You completed 5 ziggurats, and saw 135 of their levels.
You also visited: Gauntlet and Ice Cave.

You collected 29449 gold pieces.
You spent 4839 gold pieces at shops.

Inventory:

Hand Weapons
 g - the +8 lance "Wyrmbane" {slay drac, rPois rF+ rC+ AC+3}
   (You found it on level 14 of a ziggurat)

   It affects your AC (+3).
   It protects you from fire.
   It protects you from cold.
   It protects you from poison.
 Q - the +7 dire flail "Bucken" (weapon) {protect, MP+9 Int+7}
   (You found it on level 12 of a ziggurat)

   It grants its wielder temporary protection when it strikes (+7 to AC).
   It affects your intelligence (+7).
   It affects your magic capacity (+9).
Armour
 i - the +1 cloak "Bunkutwa" (worn) {+Fly Str+9 Int+4}
   (You found it on level 24 of a ziggurat)

   It affects your strength (+9).
   It affects your intelligence (+4).
   It lets you fly.
 j - the +1 pair of boots of Fabulous Salvation (worn) {rN+ Regen+ rCorr Int+6}
   (You found it on level 21 of a ziggurat)

   It affects your intelligence (+6).
   It protects you from negative energy.
   It increases your rate of regeneration.
   It provides partial protection from all sources of acid and corrosion.
 F - the +3 pair of gauntlets of War (worn) {Slay+5}
   (You found it on level 17 of a ziggurat)

   It affects your accuracy and damage with ranged weapons and melee attacks
   (+5).
 N - a +2 robe of the Archmagi (worn)
 X - the +3 crown of Dyrovepreva (worn) {rElec Int+2 SInv}
   (You found it on level 27 of a ziggurat)

   It affects your intelligence (+2).
   It insulates you from electricity.
   It lets you see invisible.
Jewellery
 r - the ring of Shadows {Umbra +Inv Stlth+}
   (You bought it in a shop in a bazaar)

   [ring of stealth]

   It lets you turn invisible.
   It makes you more stealthy.
 w - the ring of Robustness (on amulet) {AC+8}
   (You found it on level 25 of a ziggurat)

   [ring of protection]

   It affects your AC (+8).
 E - the ring of the Ban (left hand) {*Contam rF+ rN+++ MP+9 Dex+6}
   (You found it on level 27 of a ziggurat)

   [ring of dexterity]

   It affects your dexterity (+6).
   It protects you from fire.
   It renders you almost immune to negative energy.
   It affects your magic capacity (+9).
   It causes magical contamination when unequipped.
 M - the macabre finger necklace (around neck) {rN+}
   (You found it on level 6 of the Lair of Beasts)

   [amulet of nothing]

   It protects you from negative energy.
 P - the ring of Zivikaly (right hand) {rElec rF+ MP+9}
   (You found it on level 3 of the Elven Halls)

   [ring of magical power]

   It protects you from fire.
   It insulates you from electricity.
   It affects your magic capacity (+9).
Wands
 x - a wand of iceblast (72)
 H - a wand of disintegration (64)
 J - a wand of acid (91)
Scrolls
 f - 7 scrolls of summoning
 h - 100 scrolls of remove curse
 o - 26 scrolls of holy word
 u - a scroll of identify
 y - 68 scrolls of fog
 z - 121 scrolls of teleportation
 O - 25 scrolls of blinking
 S - 36 scrolls of amnesia
 Z - 33 scrolls of magic mapping
Potions
 a - 19 potions of might
 b - 19 potions of haste
 e - 10 potions of cancellation
 k - 11 potions of berserk rage
 l - 38 potions of curing
 q - 11 potions of heal wounds
 v - 4 potions of resistance
 G - 5 potions of ambrosia
 R - 83 potions of mutation
 W - 30 potions of magic
 Y - 9 potions of brilliance
Miscellaneous
 p - a tin of tremorstones (3/3)
 s - a box of beasts (3/3)
 D - a condenser vane (2/2)
 K - a lightning rod (4/4)
 L - a phantom mirror


   Skills:
 O Level 27 Fighting
   Level 3.1 Short Blades
 O Level 27 Maces & Flails
 O Level 27 Polearms
   Level 11.8(27) Staves
 O Level 27 Throwing
 O Level 27 Armour
 O Level 27 Dodging
 O Level 27 Stealth
   Level 7.5 Shields
 O Level 27 Unarmed Combat
 O Level 27 Spellcasting
 O Level 27 Conjurations
 O Level 27 Hexes
 O Level 27 Necromancy
 O Level 27 Transmutations
 O Level 27 Fire Magic
 O Level 27 Ice Magic
 O Level 27 Air Magic
 O Level 27 Earth Magic
 O Level 27 Evocations


You had 5 spell levels left.
You knew the following spells:

 Your Spells              Type           Power        Failure   Level
a - Shatter               Erth           #########.   1%          9
b - Invisibility          Hex            ########     1%          6
d - Lehudib's Crystal Sp  Conj/Erth      #########.   1%          8
e - Absolute Zero         Ice            #########.   1%          9
f - Fire Storm            Conj/Fire      #########.   1%          9
g - Ignition              Fire           #########.   1%          8
h - Death's Door          Necr           ##########   1%          9
i - Necromutation         Tmut/Necr      ##########   1%          8
j - Tornado               Air            #########.   1%          9

Your spell library contained the following spells:

 Spells                   Type           Power        Failure   Level
 Animate Skeleton         Necr           ######       1%          1
 Apportation              Tloc           ######       1%          1
 Beastly Appendage        Tmut           ######       1%          1
 Corona                   Hex            #######      1%          1
 Foxfire                  Conj/Fire      ####         1%          1
 Freeze                   Ice            ####         1%          1
 Magic Dart               Conj           ####         1%          1
 Pain                     Necr           ####         1%          1
 Sandblast                Erth           ######       1%          1
 Shock                    Conj/Air       ####         1%          1
 Sting                    Tmut/Pois      ####         1%          1
 Summon Small Mammal      Summ           ####         1%          1
 Blink                    Tloc           N/A          1%          2
 Call Imp                 Summ           #######.     1%          2
 Corpse Rot               Necr/Air       N/A          1%          2
 Ensorcelled Hibernation  Hex/Ice        ######       1%          2
 Passwall                 Tmut/Erth      ########     1%          2
 Poisonous Vapours        Pois/Air       ######       1%          2
 Searing Ray              Conj           ######       1%          2
 Slow                     Hex            ########     1%          2
 Swiftness                Air            ########     1%          2
 Wereblood                Tmut           ########     1%          2
 Call Canine Familiar     Summ           #######.     1%          3
 Confusing Touch          Hex            ########     1%          3
 Conjure Flame            Conj/Fire      ########     1%          3
 Dazzling Flash           Conj/Hex       ######       1%          3
 Frozen Ramparts          Ice            ######       1%          3
 Gell's Gravitas          Tloc           #######...   1%          3
 Ignite Poison            Fire/Tmut/Pois ########     1%          3
 Inner Flame              Hex/Fire       ########     1%          3
 Lesser Beckoning         Tloc           #######...   1%          3
 Mephitic Cloud           Conj/Pois/Air  ########     1%          3
 Ozocubu's Armour         Ice            ########     1%          3
 Portal Projectile        Hex/Tloc       ######       1%          3
 Spider Form              Tmut/Pois      ########..   1%          3
 Static Discharge         Conj/Air       ########     1%          3
 Stone Arrow              Conj/Erth      ######       1%          3
 Summon Guardian Golem    Hex/Summ       ########     1%          3
 Teleport Other           Tloc           #######.     1%          3
 Tukima's Dance           Hex            ########     1%          3
 Vampiric Draining        Necr           ##########   1%          3
 Airstrike                Air            #########.   1%          4
 Animate Dead             Necr           ##########   1%          4
 Cause Fear               Hex            #########.   1%          4
 Dispel Undead            Necr           ########     1%          4
 Fulminant Prism          Conj/Hex       #########.   1%          4
 Hailstorm                Conj/Ice       ########     1%          4
 Ice Form                 Ice/Tmut       ########     1%          4
 Iskenderun's Mystic Bla  Conj/Tloc      ########     1%          4
 Leda's Liquefaction      Hex/Erth       #########.   1%          4
 Olgreb's Toxic Radiance  Pois           #######.     1%          4
 Petrify                  Tmut/Erth      ########     1%          4
 Sticky Flame             Conj/Fire      ########     1%          4
 Summon Ice Beast         Ice/Summ       ########     1%          4
 Summon Lightning Spire   Summ/Air       ########     1%          4
 Agony                    Necr           ########     1%          5
 Alistair's Intoxication  Tmut/Pois      ########.    1%          5
 Blade Hands              Tmut           #########.   1%          5
 Bolt of Magma            Conj/Fire/Erth #########.   1%          5
 Borgnjor's Vile Clutch   Necr/Erth      ##########   1%          5
 Excruciating Wounds      Necr           ##########   1%          5
 Fireball                 Conj/Fire      #########.   1%          5
 Irradiate                Conj/Tmut      #########.   1%          5
 Iskenderun's Battlesphe  Conj           ########     1%          5
 Lee's Rapid Deconstruct  Erth           #########.   1%          5
 Lightning Bolt           Conj/Air       #########.   1%          5
 Metabolic Englaciation   Hex/Ice        #########.   1%          5
 Silence                  Hex/Air        #########.   1%          5
 Summon Mana Viper        Hex/Summ       ########     1%          5
 Yara's Violent Unravell  Hex/Tmut       #########.   1%          5
 Passage of Golubria      Tloc           N/A          4%          4
 Summon Demon             Summ           #######...   11%         5
 Summon Forest            Summ/Tloc      #######...   11%         5
 Conjure Ball Lightning   Conj/Air       #########.   1%          6
 Death Channel            Necr           ##########   1%          6
 Eringya's Noxious Bog    Tmut/Pois      ########..   1%          6
 Freezing Cloud           Conj/Ice/Air   #########.   1%          6
 Hydra Form               Tmut           #########.   1%          6
 Iron Shot                Conj/Erth      #########.   1%          6
 Ozocubu's Refrigeration  Ice            #########.   1%          6
 Simulacrum               Ice/Necr       ##########   1%          6
 Starburst                Conj/Fire      #########.   1%          6
 Dragon Form              Tmut           #########.   1%          7
 Haunt                    Necr/Summ      #########.   1%          7
 Orb of Destruction       Conj           #########.   1%          7
 Spellforged Servitor     Conj/Summ      ########..   1%          7
 Borgnjor's Revivificati  Necr           ##########   1%          8
 Chain Lightning          Conj/Air       #########.   1%          8
 Discord                  Hex            #########.   1%          8
 Infestation              Necr           ##########   1%          8
 Dispersal                Tloc           #######...   45%         6
 Shadow Creatures         Summ           N/A          45%         6
 Malign Gateway           Summ/Tloc      #######...   95%         7
 Monstrous Menagerie      Summ           #######...   95%         7
 Summon Greater Demon     Summ           #######...   95%         7
 Summon Hydra             Summ           #######...   95%         7
 Disjunction              Tloc           #######...   100%        8
 Summon Horrible Things   Summ           #######...   100%        8
 Dragon's Call            Summ           #######...   100%        9
 Sublimation of Blood     Necr           Unusable     N/A         2
 Statue Form              Tmut/Erth      Unusable     N/A         6

Dungeon Overview and Level Annotations

Branches:
Dungeon (15/15)            Temple (1/1) D:7            Lair (6/6) D:11
  Swamp (4/4) Lair:3        Snake (4/4) Lair:2        Slime (5/5) Lair:5
    Orc (2/2) D:11            Elf (3/3) Orc:2        Vaults (5/5) D:14
  Crypt (3/3) Vaults:3       Tomb (3/3) Crypt:3      Depths (5/5) D:15
    Zot (5/5) Depths:5      IceCv (visited)         Gauntlet (visited)

Altars:
Ashenzari
Cheibriados
Dithmenos
Elyvilon
Fedhas
Gozag
Hepliaklqana
Kikubaaqudgha
Makhleb
Nemelex Xobeh
Okawaru
Qazlal
Ru
Sif Muna
Trog
Uskayaw
Vehumet
Wu Jian
Xom
Yredelemnul
Zin
The Shining One
Beogh
Jiyva

Shops:
Orc:2 }::*   Elf:1 [   Snake:2 (   Vaults:1 [   Vaults:3 [   Vaults:4 :
Depths:4 !=?=

Portals:
Hell: Depths:1 Depths:2 Depths:3 Depths:4 Depths:5
Abyss: Depths:4
Pandemonium: Depths:3 Depths:4
Ziggurat: D:15

Annotations:
Swamp:1 3 runed translucent doors, Daoneng's ghost, adept MiFi; Efroh's ghost, adept HOFi; Himojimal's ghost, journeyman DsFi; Ixofith's ghost, journeyman FoFi
Elf:2 3 runed translucent doors
Depths:2 2 transporters
Depths:4 2 transporters


Innate Abilities, Weirdness & Mutations

You are resistant to torment.
Your stone body is resilient. (AC +20)
You are immune to poison.
Your large and strong wings let you fly indefinitely.
You resist negative energy. (rN+)
You are resistant to electric shocks. (rElec)
You can survive without breathing.
You are immune to petrification.
You are immune to rotting.
You have a pair of small horns on your head.
You are partially covered in molten scales. (AC +2)
You are partially covered in rugged brown scales. (AC +1, +3% HP)
You are partially covered in yellow scales. (AC +2)
You are agile. (Dex +2)
You can translocate small distances at will.
You are frail. (-10% HP)
Your spells are a little harder to cast, but a little more powerful.


Message History

A mummy, a guardian mummy, a mummy priest and a lich come into view.
The death scarab completely misses you. The death scarab misses you.
The death scarab completely misses you. x3; The death scarab misses you.
The death scarab closely misses you.
The death scarab completely misses you. x4
The death scarab bites you!!
* * * LOW HITPOINT WARNING * * *
The mummy priest moves out of view.
The lich moves out of view.
The guardian mummy moves out of view.
The mummy moves out of view.
Your magical contamination has completely faded away.
Unknown command.
Press: ? - help, Dir - move target cursor
As you read the scroll of blinking, it crumbles to dust.
A mummy, a guardian mummy, 2 greater mummies and a skeleton come into view.
Your surroundings suddenly seem different.
A greater mummy comes into view.
A guardian mummy comes into view.
The mummy priest prays to its god.
A guardian mummy comes into view.
A greater mummy comes into view.
The greater mummy casts a spell at you. Something smites you!
You die...

*#sM§M$$..........
##§§§M$$$........^.
##§§§MsL$.M†......).
##$)s§§§$MVM....)....
#$$$s$$4$†M....#.....
#$$$s$$M$†MMM.)#.....
#)$$ss....zM.M.......
#$=$($.^^^MM†M.#.....
#$$$L^....MZ†.#.M..†.
##$........<3#.).....
#$$.......†.†)M.....
##$$.......†......,,
###.^..#M.4†..†M.,,
***##.####.M.M...M,,
**,,,,..**,,,,,,,,,,,
**,,,,,.##*,,,,,,,,,,,
*,,,*******,,,,,,,^,,,


You could see 3 greater mummies, a lich, 4 mummy priests, a hellwing (summoned),
4 guardian mummies, a vampire (summoned), 6 death scarabs, 3 mummies, a wight
(summoned) and an eight-headed hydra skeleton.

Vanquished Creatures
  Cerebov (Pan)
  the Royal Jelly (Slime:5)
  Gloorx Vloq (Pan)
  Lom Lobon (Pan)
  A seraph (Pan)
  Mnoleg (Pan)
  66 ancient liches
  40 orbs of fire
  28 juggernauts
  Khufu (Crypt:1)
  Mara (Crypt:1)
  42 greater mummies
  Sojobo (Vaults:5)
  13 shard shrikes
  the Lernaean hydra (Swamp:4)
  57 pandemonium lords
  31 Killer Klowns
  Boris (Depths:4)
  The ghost of Fuumyal the Bewitcher, a legendary DsEn of Kikubaaqudgha (Zot:1)
  The ghost of Ihoic the Archmage, a legendary SpEn of Dithmenos (Zig:20)
  Margery (Vaults:3)
  Saint Roka (Crypt:2)
  2 curse toes
  The ghost of qipq the Intangible, a legendary FeFi of Gozag (Zig:20)
  29 caustic shrikes
  64 golden dragons
  21 profane servitors
  59 liches
  5 pearl dragons
  34 bone dragons
  27 Tzitzimimeh
  28 Brimstone Fiends
  The ghost of Xootouk the Archmage, a master SpEn of Dithmenos (Zig:20)
  The ghost of Xootouk the Archmage, a master SpEn of Dithmenos (Zig:20)
  6 electric golems
  10 doom hounds
  41 tentacled monstrosities
  15 iron giants
  21 Ice Fiends
  20 hellephants
  Rupert (D:14)
  25 Orb Guardians (Zot:5)
  26 Hell Sentinels
  32 titans
  45 deep elf blademasters
  76 deep elf master archers
  147 acid blobs
  34 Executioners
  23 quicksilver dragons
  5 death cobs
  Gastronok (Lair:3)
  5 sphinxes (shapeshifter)
  45 tengu reavers
  Frances (Snake:2)
  41 tentacled starspawn
  64 ancient champions
  3 thorn hunters
  23 storm dragons
  A shadow dragon (shapeshifter) (Zig:24)
  31 sphinxes
  A storm dragon (shapeshifter) (Zig:24)
  3 azure jellies (shapeshifter)
  Donald (Vaults:1)
  13 warmongers
  98 revenants
  75 azure jellies
  42 shadow dragons
  110 nagarajas
  37 draconian monks
  40 fire giants
  27 daevas
  3 fire giants (shapeshifter)
  20 iron dragons
  109 large abominations
  25 frost giants
  12 vault wardens
  81 draconian knights
  A frost giant (shapeshifter) (Zig:5)
  75 orc warlords
  40 deep elf sorcerers
  39 cacodemons
  45 emperor scorpions
  58 curse skulls
  59 draconian scorchers
  119 ghost moths
  77 balrugs
  Aizul (Depths:1)
  37 draconian shifters
  9 caustic shrike zombies
  14 juggernaut zombies
  4 spriggan defenders
  20 ghouls
  41 angels
  11 deep elf elementalists
  39 draconian stormcallers
  Louise (Snake:3)
  2 stone giants (shapeshifter)
  36 ironheart preservers
  14 war gargoyles
  87 reapers
  47 very ugly things
  75 draconian annihilators
  4 juggernaut skeletons
  80 stone giants
  47 blood saints
  Nessos (D:14)
  11 caustic shrike skeletons
  66 vampire knights
  38 apis
  31 green draconians
  34 black suns
  90 entropy weavers
  10 bennus
  11 lorocyprocas
  53 deep elf demonologists
  88 deep elf annihilators
  38 black draconians
  A minotaur (Gauntlet)
  A spark wasp (shapeshifter) (Zig:17)
  32 ophanim
  21 corrupters
  47 white draconians
  23 spark wasps
  3 dire elephants (shapeshifter)
  9 dire elephants
  The ghost of emiel the Thaumaturge, a journeyman GnWn of Cheibriados (Lair:6)
  30 red draconians
  37 yellow draconians
  32 purple draconians
  53 eidola
  83 merfolk javelineers
  18 ettins
  6 quicksilver dragon zombies
  52 green deaths
  56 mummy priests
  26 death oozes
  35 deep elf death magi
  51 fire dragons
  45 blizzard demons
  3 crystal guardians (Zig:22)
  Fannar (Lair:3)
  64 deep elf high priests
  54 yaktaur captains
  Josephine (D:11)
  38 jiangshi
  46 merfolk impalers
  4 quicksilver dragon skeletons
  33 ogre magi
  48 great orbs of eyes
  13 hell beasts
  10 rakshasas
  29 vault guards
  41 ice dragons
  38 naga warriors
  A great orb of eyes (shapeshifter) (Zig:15)
  69 hydras
  A caustic shrike simulacrum (Zig:22)
  6 monstrous demonspawn
  9 alligator snapping turtles
  A juggernaut simulacrum (Zig:22)
  7 shambling mangroves
  2 anacondas (shapeshifter)
  17 merfolk avatars
  66 merfolk aquamancers
  11 ghost crabs
  19 catoblepae
  47 two-headed ogres
  30 spriggan air magi
  Erica (D:8)
  3 alligator snapping turtles (shapeshifter)
  36 centaur warriors
  2 alligators (shapeshifter)
  A catoblepas (shapeshifter) (Vaults:5)
  25 satyrs
  Urug (D:14)
  10 death knights
  26 alligators
  105 dancing weapons
  12 deep troll shamans
  6 death yaks
  14 deep troll earth magi
  A satyr (shapeshifter) (Zig:24)
  9 titan zombies
  75 death scarabs
  29 anacondas
  11 hell hogs
  17 thrashing horrors
  71 vampire magi
  103 orc high priests
  4 shock serpents (shapeshifter)
  52 naga sharpshooters
  8 tengu warriors
  6 iron golems
  58 small abominations
  5 spriggan berserkers
  Sonja (Lair:5)
  25 shock serpents
  10 titan skeletons
  55 soul eaters
  19 fire crabs
  11 storm dragon zombies
  29 sun demons
  87 deep elf knights
  28 wretched stars
  21 salamander mystics
  2 fire crabs (shapeshifter) (Zig:18)
  10 storm dragon skeletons
  27 iron trolls
  4 deep trolls (shapeshifter)
  32 shadow wraiths
  13 golden dragon zombies
  A death drake (shapeshifter) (Zig:14)
  22 spriggan druids
  6 unseen horrors
  A glowing orange brain (shapeshifter) (Zig:18)
  36 deep trolls
  42 sixfirhies
  20 death drakes
  30 hell knights
  39 sea snakes
  69 skeletal warriors
  28 cherubim
  12 spatial maelstroms
  60 flayed ghosts
  A ghost moth zombie (Crypt:1)
  2 unseen horrors (shapeshifter)
  7 infernal demonspawn (Pan)
  A sea snake (shapeshifter) (Zig:5)
  8 gelid demonspawn
  8 spark wasp zombies
  23 shadow demons
  Pikel (D:6)
  11 obsidian statues
  92 deep elf archers
  17 glowing orange brains
  17 naga ritualists
  42 swamp dragons
  12 orange crystal statues
  8 torturous demonspawn (Pan)
  30 wizards
  23 orc knights
  8 shadow dragon zombies
  46 phantasmal warriors
  A swamp dragon (shapeshifter) (Depths:3)
  7 shadow dragon skeletons
  9 golden dragon skeletons
  14 tengu zombies
  25 ironbrand convokers
  2 lindwurms (Lair:6)
  2 harpies (shapeshifter)
  81 harpies
  104 orb spiders
  3 orb spiders (shapeshifter)
  23 necromancers
  9 salamanders
  8 tengu skeletons
  11 iron dragon zombies
  A wolf spider zombie (D:15)
  51 orc sorcerers
  8 sphinx zombies
  A manticore (shapeshifter) (Vaults:5)
  22 mana vipers
  57 ugly things
  35 shining eyes
  8 fire giant zombies
  68 wolf spiders
  41 manticores
  2 shining eyes (shapeshifter) (Zig:15)
  31 cyclopes
  2 wolf spiders (shapeshifter)
  269 deep elf magi
  2 stone giant zombies (Zig:4)
  11 oklob plants (Zig:27)
  25 fauns
  A faun (shapeshifter) (Vaults:5)
  A glowing shapeshifter (Zig:12)
  6 worldbinders
  A cyclops (shapeshifter) (Zig:15)
  110 moths of wrath
  2 moths of wrath (shapeshifter)
  8 sphinx skeletons
  11 iron dragon skeletons
  2 frost giant zombies
  A salamander (shapeshifter) (Zig:18)
  29 apocalypse crabs
  23 merfolk sirens
  2 elephants (shapeshifter)
  37 guardian serpents
  19 elephants
  3 fire giant skeletons
  14 ice statues
  3 frost giant skeletons
  20 vault sentinels
  2 black mambas (shapeshifter)
  2 eyes of devastation (shapeshifter)
  134 black mambas
  2 storm dragon simulacra
  7 gargoyles (Zig:22)
  17 spriggan skeletons
  64 naga magi
  96 water nymphs
  A titan simulacrum (Zig:22)
  18 rust devils
  20 spriggan zombies
  53 torpor snails
  72 smoke demons
  6 water nymphs (shapeshifter)
  40 cane toads
  A dire elephant skeleton (Pan)
  45 orange demons
  A cane toad (shapeshifter) (Zig:18)
  27 eyes of devastation
  59 hellions
  79 yaktaurs
  A death yak zombie (Crypt:1)
  4 yaktaur zombies
  A rime drake (shapeshifter) (Zig:24)
  18 rime drakes
  4 kobold demonologists
  29 elf zombies
  4 yaktaurs (shapeshifter)
  62 tormentors
  25 efreet
  14 komodo dragons
  A hydra zombie (Crypt:3)
  A queen ant zombie (Crypt:2)
  2 komodo dragons (shapeshifter)
  84 demonic crawlers
  2 golden dragon simulacra
  47 freezing wraiths
  28 ancient zymes
  129 guardian mummies
  A yaktaur skeleton (Zig:3)
  24 red devils
  36 hellwings
  26 trolls
  6 silent spectres
  3 meliai (shapeshifter)
  A polar bear (shapeshifter) (D:9)
  43 ice devils
  A shadow dragon simulacrum (Abyss:2)
  5 tengu conjurers
  167 merfolk
  2 trolls (shapeshifter)
  2 merfolk (shapeshifter)
  5 wind drakes (shapeshifter)
  A meliai (Zig:2)
  5 polar bears
  2 tengu simulacra
  25 tyrant leeches
  A raiju (shapeshifter) (D:15)
  78 jumping spiders
  54 hornets
  A jumping spider (shapeshifter) (Depths:1)
  A satyr zombie (Crypt:1)
  A sphinx simulacrum (Zig:7)
  2 blink frogs (shapeshifter)
  2 dream sheep
  41 blink frogs
  A harpy skeleton (Crypt:2)
  25 wind drakes
  16 bog bodies
  3 slime creatures (shapeshifter)
  A dream sheep (shapeshifter) (Zig:9)
  24 hippogriffs
  190 slime creatures
  22 raiju
  142 flying skulls
  38 snapping turtles
  A fire dragon zombie (Zig:2)
  3 ettin zombies
  2 hippogriffs (shapeshifter) (Zig:24)
  2 ice dragon skeletons
  A vampire (Abyss:4)
  3 spriggans (shapeshifter)
  34 ynoxinuls
  30 shadows
  A yak (shapeshifter) (Zig:24)
  2 redbacks (shapeshifter)
  89 redbacks
  A wyvern (shapeshifter) (Depths:3)
  A satyr skeleton (Crypt:1)
  25 air elementals
  16 spriggans
  45 ushabtiu
  Eustachio (D:5)
  109 starcursed masses
  36 yaks
  52 wraiths
  18 wyverns
  43 fire elementals
  57 water elementals
  59 tarantellas
  9 basilisks
  16 humans (D:14)
  2 black mamba skeletons (Crypt:2)
  23 golden eyes
  2 hogs (shapeshifter)
  38 chaos spawn
  16 steam dragons
  33 vampire mosquitoes
  A yaktaur simulacrum (Vaults:3)
  33 neqoxecs
  28 elf skeletons
  18 swamp worms
  25 wargs
  33 spatial vortices
  72 nagas
  11 insubstantial wisps
  4 swamp worms (shapeshifter)
  A soldier ant (shapeshifter) (Depths:2)
  A floating eye (shapeshifter) (Zig:24)
  A water nymph skeleton (Crypt:1)
  11 acid dragons
  33 hell hounds
  9 porcupines
  38 water moccasins
  12 floating eyes
  24 swamp drakes
  A deep troll skeleton (Vaults:5)
  118 orc warriors
  9 sky beasts
  4 black bears
  A snapping turtle zombie (Crypt:2)
  A swamp dragon zombie (Tomb:1)
  48 eyes of draining
  2 hornet zombies
  16 ice beasts
  35 necrophages
  2 phantoms
  39 centaurs
  77 ogres
  6 boggarts
  A wolf (Zig:12)
  43 crocodiles
  2 elf simulacra
  3 big kobolds
  Blork the orc (D:4)
  4 human zombies
  A big kobold (shapeshifter) (Zig:24)
  23 bullfrogs
  35 earth elementals
  A gnoll sergeant (D:11)
  A draconian skeleton (Crypt:2)
  A cane toad simulacrum (Crypt:2)
  3 glowing shapeshifter simulacra
  A wyvern skeleton (D:10)
  A water moccasin zombie (D:10)
  2 water moccasin skeletons
  2 troll zombies (D:11)
  5 scorpions
  A raiju zombie (Crypt:1)
  5 killer bees
  19 wights
  4 howler monkeys
  An electric eel (Lair:3)
  3 crimson imps
  A wolf skeleton (Crypt:1)
  2 bullfrog zombies
  6 centaur zombies
  5 jellies
  7 quasits
  49 orc priests
  10 hounds
  11 centaur skeletons
  20 iron imps
  4 bullfrog skeletons
  8 iguanas
  Terence (D:3)
  49 orc wizards
  10 worker ants
  4 lightning spires (Zig:17)
  A demigod zombie (Crypt:2)
  2 deep dwarf zombies
  6 ogre zombies (D:11)
  A hound zombie (D:9)
  A naga skeleton (Crypt:1)
  6 hound skeletons
  166 mummies
  7 gnolls
  12 adders
  An adder (shapeshifter) (Depths:2)
  24 shadow imps
  A swamp drake skeleton (Crypt:2)
  30 white imps
  7 ufetubi
  An ooze (D:1)
  3 adder zombies
  2 adder skeletons
  4 worms (D:2)
  3 ball lightnings (Zig:24)
  4 dart slugs
  13 leopard geckos
  123 orcs
  2 ball pythons (D:1)
  A bat zombie (Crypt:2)
  7 giant cockroaches
  8 goblins
  7 hobgoblins
  12 jackals
  A quokka (D:6)
  A ball python skeleton (D:5)
  10 bats
  20 frilled lizards
  A goblin skeleton (D:11)
  2 goblin zombies (D:11)
  3 hobgoblin skeletons (D:11)
  4 hobgoblin zombies (D:11)
  15 kobolds
  A leopard gecko skeleton (D:2)
  A leopard gecko zombie (Crypt:1)
  An orc skeleton (D:11)
  14 orc zombies (D:11)
  A quokka zombie (D:5)
  7 rats
  107 blocks of ice
  47 crawling corpses
  137 fire vortices
  2 lurking horrors (Abyss:2)
  9 plants
  37 starspawn tentacles
12851 creatures vanquished.

Vanquished Creatures (collateral kills)
  A bone dragon (Zig:6)
  A Tzitzimitl (Zig:24)
  5 acid blobs
  A tengu reaver (Zig:5)
  2 azure jellies
  A draconian monk (Zot:4)
  A warmonger (Zig:24)
  A fire giant (Zig:7)
  A draconian scorcher (Zig:26)
  A black sun (Zig:24)
  2 yellow draconians
  A great orb of eyes (Zig:17)
  An alligator snapping turtle (Zig:14)
  A worldbinder (Abyss:3)
  An iron dragon zombie (Zig:23)
  A hornet (Zig:20)
  5 slime creatures
  A ynoxinul (Zig:21)
  A wyvern (Zig:12)
  An eye of draining (Zig:27)
  A necrophage (Zig:22)
  A shadow imp (Zig:22)
  2 blocks of ice
34 creatures vanquished.

Vanquished Creatures (others)
  The ghost of Kiburo the Ruinous, a legendary GrEE of Vehumet (Zig:20)
  The ghost of Ygonacw the Petrodigitator, a legendary GrEE of Vehumet (Zig:20)
  The ghost of Cygay the Pyromancer, a legendary GrEE of Vehumet (Zig:20)
  2 Killer Klowns (Zig:7)
  A Brimstone Fiend (Zig:21)
  A pandemonium lord (Zig:24)
  2 eldritch tentacles
  3 Executioners
  A shadow dragon (Zig:20)
  A storm dragon (Vaults:5)
  4 revenants (Zig:20)
  5 curse skulls (Zig:20)
  A draconian knight (Zig:26)
  A draconian scorcher (Zot:4)
  3 black suns
  An eidolon (Zig:20)
  A deep elf death mage (Zig:20)
  4 fire dragons (Zig:23)
  A ghost crab (Zig:20)
  A dancing weapon (Zig:17)
  3 merfolk aquamancers
  2 soul eaters
  A sixfirhy (Pan)
  A wretched star (Zig:11)
  A spatial maelstrom (Zig:11)
  An unseen horror (D:14)
  An orb spider (Zig:27)
  A harpy (Zig:26)
  A wolf spider (shapeshifter) (Zig:24)
  A water nymph (Zig:26)
  A merfolk siren (Zig:26)
  A smoke demon (Pan)
  An apocalypse crab (Zig:7)
  A hellion (Pan)
  A yaktaur (Vaults:2)
  An ancient zyme (Abyss:2)
  A polar bear (shapeshifter) (Zig:24)
  3 large abominations
  An air elemental (Zig:18)
  3 water elementals
  A ynoxinul (Abyss:3)
  A neqoxec (Pan)
  2 steam dragons
  A small abomination (Zig:20)
  An eye of draining (Zig:20)
  A black bear (shapeshifter) (Zig:24)
  4 wights (Abyss:2)
  A leopard gecko (Lair:3)
  395 blocks of ice
  A bush (Lair:6)
  A crawling corpse (Zig:18)
  457 fire vortices
  42 fungi
  A lurking horror (Abyss:2)
  109 plants
  40 starspawn tentacles
1121 creatures vanquished.

Grand Total: 14006 creatures vanquished

Notes
Turn   | Place    | Note
-------+----------+-------------------------------------------
     0 | D:1      | Birvald the Gargoyle Earth Elementalist began the quest for
                  | the Orb.
     0 | D:1      | Reached XP level 1. HP: 10/10 MP: 3/3
   130 | D:1      | Reached XP level 2. HP: 14/15 MP: 5/5
   862 | D:1      | Reached XP level 3. HP: 6/19 MP: 5/7
  1067 | D:1      | You fall into a shaft and drop 1 floor!
  1079 | D:2      | Learned a level 3 spell: Stone Arrow
  1777 | D:2      | Reached skill level 1 in Conjurations
  1777 | D:2      | Reached XP level 4. HP: 24/24 MP: 5/8
  1942 | D:2      | Noticed an ogre
  1949 | D:2      | Killed an ogre
  1949 | D:2      | Reached skill level 5 in Earth Magic
  1949 | D:2      | Reached XP level 5. HP: 8/28 MP: 1/10
  2167 | D:2      | Learned a level 5 spell: Lee's Rapid Deconstruction
  2793 | D:3      | Found a hide-covered altar of Uskayaw.
  2890 | D:3      | Found a broken altar of Ashenzari.
  2937 | D:3      | Found a faded altar of an unknown god.
  3121 | D:3      | Found a sparkling altar of Nemelex Xobeh.
  3185 | D:3      | Noticed Terence
  3203 | D:3      | Killed Terence
  3203 | D:3      | Reached XP level 6. HP: 32/32 MP: 0/11
  3903 | D:4      | Noticed Blork the orc
  4435 | D:4      | Killed Blork the orc
  4520 | D:5      | Entered Level 5 of the Dungeon
  4534 | D:5      | Reached XP level 7. HP: 21/36 MP: 9/13
  4727 | D:5      | Noticed Eustachio
  4751 | D:5      | Killed Eustachio
  5174 | D:5      | Found a glowing golden altar of the Shining One.
  5466 | D:6      | Found a burning altar of Makhleb.
  5470 | D:6      | Reached skill level 5 in Spellcasting
  5470 | D:6      | Reached XP level 8. HP: 34/42 MP: 0/15
  5668 | D:6      | Reached skill level 1 in Fighting
  5678 | D:6      | Found a hazy altar of Hepliaklqana.
  5694 | D:6      | Noticed Pikel
  5716 | D:6      | Killed Pikel
  5716 | D:6      | Reached skill level 1 in Maces & Flails
  5716 | D:6      | Reached skill level 5 in Conjurations
  5716 | D:6      | Reached skill level 1 in Evocations
  6331 | D:7      | Reached XP level 9. HP: 49/49 MP: 6/17
  6445 | D:7      | Found a staircase to the Ecumenical Temple.
  6456 | Temple   | Entered the Ecumenical Temple
  6464 | Temple   | Became a worshipper of Vehumet
  7226 | D:7      | Found a sacrificial altar of Ru.
  7300 | D:8      | Noticed a two-headed ogre
  7486 | D:8      | Killed a two-headed ogre
  7486 | D:8      | Reached XP level 10. HP: 56/56 MP: 7/19
  7570 | D:8      | Reached * piety under Vehumet
  7570 | D:8      | Offered knowledge of Magic Dart by Vehumet.
  7866 | D:8      | Noticed Erica
  7874 | D:8      | Killed Erica
  8342 | D:8      | Reached ** piety under Vehumet
  8343 | D:8      | Noticed a two-headed ogre
  8350 | D:8      | Offered knowledge of Searing Ray by Vehumet.
  8353 | D:8      | Killed a two-headed ogre
  8353 | D:8      | Reached skill level 5 in Fighting
  8446 | D:8      | Found a stormy altar of Qazlal.
  8570 | D:8      | Reached skill level 5 in Armour
  8785 | D:9      | Reached XP level 11. HP: 64/64 MP: 21/21
  9369 | D:9      | Reached skill level 5 in Maces & Flails
  9499 | D:9      | Offered knowledge of Ignite Poison by Vehumet.
  9744 | D:9      | Reached *** piety under Vehumet
  9813 | D:9      | Noticed a green ugly thing
  9813 | D:9      | Noticed a cyclops
  9819 | D:9      | Killed a green ugly thing
  9821 | D:9      | Killed a cyclops
  9821 | D:9      | Reached skill level 5 in Evocations
 10014 | D:9      | Identified the ring "Erchaedgh" {MR+ Str+4}
 10090 | D:9      | Offered knowledge of Hailstorm by Vehumet.
 10096 | D:9      | Got a warped cloak
 10107 | D:9      | Identified the cursed +0 cloak of a Thousand Emperors
                  | {Int+4 Dex-5 Stlth+} (You found it on level 9 of the
                  | Dungeon)
 10359 | D:10     | Entered Level 10 of the Dungeon
 10612 | D:10     | Reached skill level 5 in Dodging
 10669 | D:10     | Noticed a skeletal warrior
 10680 | D:10     | Killed a skeletal warrior
 10680 | D:10     | Reached skill level 10 in Earth Magic
 10680 | D:10     | Reached **** piety under Vehumet
 10852 | D:10     | Offered knowledge of Static Discharge by Vehumet.
 10923 | D:10     | Reached XP level 12. HP: 50/71 MP: 17/23
 11002 | D:10     | Gained mutation: You are dopey. (Int -2) [potion of
                  | mutation]
 11002 | D:10     | Gained mutation: You have a beak for a mouth. [potion of
                  | mutation]
 11002 | D:10     | Gained mutation: Your natural rate of healing is unusually
                  | fast. [potion of mutation]
 11003 | D:10     | Lost mutation: Your natural rate of healing is unusually
                  | fast. [potion of mutation]
 11003 | D:10     | Lost mutation: You are dopey. (Int -2) [potion of mutation]
 11003 | D:10     | Lost mutation: You have a beak for a mouth. [potion of
                  | mutation]
 11003 | D:10     | Gained mutation: Armour fits poorly on your strangely
                  | shaped body. [potion of mutation]
 11003 | D:10     | Gained mutation: Your body sometimes deteriorates upon
                  | taking damage. [potion of mutation]
 11003 | D:10     | Gained mutation: Your spells are a little harder to cast,
                  | but a little more powerful. [potion of mutation]
 11003 | D:10     | Gained mutation: Your flesh is heat resistant. (rF+)
                  | [potion of mutation]
 11783 | D:11     | Noticed a six-headed hydra
 11917 | D:11     | Killed a six-headed hydra
 12161 | D:11     | Found a staircase to the Lair.
 12179 | D:11     | Reached ***** piety under Vehumet
 12179 | D:11     | Offered knowledge of Ozocubu's Refrigeration by Vehumet.
 12263 | D:11     | Noticed Josephine
 12264 | D:11     | Found a staircase to the Orcish Mines.
 12272 | D:11     | Killed Josephine
 13207 | D:12     | Reached XP level 13. HP: 78/78 MP: 17/25
 13471 | D:12     | Found a frozen archway.
 13483 | IceCv    | Entered an ice cave
 14777 | D:12     | Got a pair of transparent gloves
 14788 | D:12     | Identified the +0 pair of gloves "Vosmaseh" {+Blink SInv}
                  | (You found it on level 12 of the Dungeon)
 15428 | D:13     | Reached skill level 10 in Conjurations
 15623 | D:13     | Found a gate leading to a gauntlet.
 15633 | Gauntlet | Entered a Gauntlet
 15633 | Gauntlet | Found a transporter.
 15633 | Gauntlet | Found a transporter.
 15695 | Gauntlet | Found a transporter.
 15695 | Gauntlet | Found a transporter.
 15705 | Gauntlet | Found a transporter.
 15705 | Gauntlet | Found a transporter.
 15715 | Gauntlet | Found a transporter.
 15715 | Gauntlet | Found a transporter.
 15718 | Gauntlet | Found a transporter.
 15723 | Gauntlet | Noticed a dire elephant
 15725 | Gauntlet | Noticed a green death
 15768 | Gauntlet | Found the ring of the Mage {Wiz MR++ Int+3}
 15768 | Gauntlet | Found a transporter.
 15792 | Gauntlet | Found a transporter.
 15825 | Gauntlet | Found a transporter.
 15827 | Gauntlet | Noticed an entropy weaver
 15841 | Gauntlet | Found a transporter.
 15842 | Gauntlet | Found the +2 hat of the Bear Spirit {Spirit, +Rage rN+
                  | MR++}
 15942 | Gauntlet | Found a transporter.
 15962 | Gauntlet | Found a transporter.
 15969 | Gauntlet | Found a transporter.
 16124 | Gauntlet | Killed an entropy weaver
 16131 | Gauntlet | Got a spiked helmet
 16142 | Gauntlet | Identified the +2 helmet "Kanam" {+Inv rC+ Dex-4} (You
                  | found it in a Gauntlet)
 16185 | Gauntlet | Killed a green death
 16197 | Gauntlet | Got a fine helmet
 16208 | Gauntlet | Identified the +2 helmet "Lireosy" {*Contam rCorr Int-4
                  | Dex+8} (You found it in a Gauntlet)
 16292 | Gauntlet | Noticed a minotaur
 16296 | Gauntlet | Killed a minotaur
 16318 | Gauntlet | Learned a level 5 spell: Fireball
 16375 | D:13     | Reached skill level 1 in Ice Magic
 16924 | D:14     | Found a gate to the Vaults.
 16924 | D:14     | Noticed Rupert
 16924 | D:14     | Noticed Nessos
 16924 | D:14     | Noticed Urug
 16930 | D:14     | Killed Nessos
 16930 | D:14     | Reached skill level 1 in Fire Magic
 16930 | D:14     | Gained mutation: Your large and strong wings let you fly
                  | indefinitely. [Gargoyle growth]
 16930 | D:14     | Reached XP level 14. HP: 33/86 MP: 27/27
 16930 | D:14     | Reached ****** piety under Vehumet
 16930 | D:14     | Offered knowledge of Fulminant Prism by Vehumet.
 16932 | D:14     | Killed Rupert
 16953 | D:14     | Killed Urug
 18149 | Lair:1   | Entered Level 1 of the Lair of Beasts
 19071 | Lair:2   | Found a staircase to the Snake Pit.
 19410 | Lair:2   | Got a scorched mace
 19415 | Lair:2   | Identified the +7 mace "Killer Bee's Doom" {vorpal, rC+
                  | Str+4 Int+4} (You found it on level 2 of the Lair of
                  | Beasts)
 19616 | Lair:2   | Reached skill level 5 in Fire Magic
 19995 | Lair:3   | Noticed Fannar
 20020 | Lair:3   | Killed Fannar
 20202 | Lair:3   | Found a staircase to the Swamp.
 20322 | Lair:3   | Found a shimmering altar of Xom.
 20374 | Lair:3   | Reached skill level 10 in Fighting
 20599 | Lair:3   | Offered knowledge of Bolt of Magma by Vehumet.
 20611 | Lair:3   | Noticed Gastronok
 20617 | Lair:3   | Reached skill level 10 in Spellcasting
 20619 | Lair:3   | Killed Gastronok
 20635 | Lair:3   | Reached XP level 15. HP: 87/92 MP: 29/29
 20636 | Lair:3   | Reached XP level 16. HP: 93/97 MP: 30/30
 21475 | Lair:4   | Learned a level 5 spell: Bolt of Magma
 22740 | Lair:5   | Found a staircase to the Slime Pits.
 22741 | Lair:5   | Found a viscous altar of Jiyva.
 22752 | Lair:5   | Noticed Sonja
 22753 | Lair:5   | Killed Sonja
 23372 | Lair:6   | Entered Level 6 of the Lair of Beasts
 23424 | Lair:6   | Offered knowledge of Starburst by Vehumet.
 23448 | Lair:5   | Learned a level 6 spell: Starburst
 24032 | Lair:6   | Identified the +11 demon trident of Deimiu {freeze, +Blink
                  | rC- MR+ Dex+2}
 24034 | Lair:6   | Identified the +6 spear "Dox Meag" {antimagic, rN+ MR+
                  | Dex-4}
 24044 | Lair:6   | Reached skill level 10 in Maces & Flails
 24090 | Lair:6   | Noticed emiel's ghost (journeyman GnWn)
 24103 | Lair:6   | Found a transporter.
 24124 | Lair:6   | Reached skill level 10 in Fire Magic
 24285 | Lair:6   | Found a transporter.
 24323 | Lair:6   | Found a bloodstained altar of Trog.
 24830 | Lair:6   | Killed emiel's ghost
 25009 | Lair:6   | Found a runed translucent door.
 25226 | Lair:6   | Reached XP level 17. HP: 66/104 MP: 14/31
 25430 | Lair:6   | Found the macabre finger necklace {rN+}
 25719 | Orc:1    | Entered Level 1 of the Orcish Mines
 25847 | Orc:2    | Entered Level 2 of the Orcish Mines
 25856 | Orc:2    | Offered knowledge of Irradiate by Vehumet.
 27413 | Orc:2    | Found a staircase to the Elven Halls.
 27425 | Orc:2    | Found a roughly hewn altar of Beogh.
 27440 | Orc:2    | Found Qoef's General Store.
 27440 | Orc:2    | Found Ashel's Book Emporium.
 27445 | Orc:2    | Bought a scroll of teleportation for 33 gold pieces
 27445 | Orc:2    | Bought a scroll of teleportation for 33 gold pieces
 27445 | Orc:2    | Bought a scroll of identify for 22 gold pieces
 27499 | Orc:2    | Found Ohats's Book Shop.
 27499 | Orc:2    | Found Bufunlen's Gadget Emporium.
 27525 | Orc:2    | Bought a book of Power for 540 gold pieces
 27532 | Orc:2    | Learned a level 6 spell: Iron Shot
 27579 | Orc:2    | Bought a book of Annihilations for 1104 gold pieces
 27579 | Orc:2    | Bought a book of Fire for 650 gold pieces
 28403 | D:15     | Entered Level 15 of the Dungeon
 29088 | D:15     | Offered knowledge of Lightning Bolt by Vehumet.
 29573 | D:15     | Found a staircase to the Depths.
 30092 | Snake:1  | Entered Level 1 of the Snake Pit
 31657 | Snake:2  | Found Rielei's Weapon Boutique.
 31739 | Snake:2  | Noticed Frances
 31743 | Snake:2  | Killed Frances
 32219 | Snake:3  | Noticed Louise
 32224 | Snake:3  | Killed Louise
 32250 | Snake:3  | Reached skill level 10 in Dodging
 32647 | Snake:3  | Reached XP level 18. HP: 68/112 MP: 33/33
 32654 | Snake:3  | Offered knowledge of Ozocubu's Refrigeration by Vehumet.
 33776 | Swamp:1  | Entered Level 1 of the Swamp
 34562 | Swamp:1  | Found a runed translucent gate.
 34562 | Swamp:1  | Found a runed translucent gate.
 34563 | Swamp:1  | Found a runed translucent gate.
 34564 | Swamp:1  | Noticed Daoneng's ghost (adept MiFi)
 34564 | Swamp:1  | Noticed Efroh's ghost (adept HOFi)
 34564 | Swamp:1  | Noticed Himojimal's ghost (journeyman DsFi)
 34564 | Swamp:1  | Noticed Ixofith's ghost (journeyman FoFi)
 36138 | Swamp:2  | Offered knowledge of Shatter by Vehumet.
 37782 | Elf:1    | Entered Level 1 of the Elven Halls
 38257 | Elf:1    | Reached XP level 19. HP: 104/117 MP: 34/34
 38363 | Elf:1    | Identified the Guide on Calling
 38601 | Elf:1    | Found Emonah's Armour Shop.
 38782 | Elf:2    | Found a runed translucent gate.
 38782 | Elf:2    | Found a runed translucent gate.
 38782 | Elf:2    | Found a runed translucent gate.
 39614 | Elf:3    | Entered Level 3 of the Elven Halls
 39737 | Elf:3    | Reached skill level 15 in Earth Magic
 39841 | Elf:3    | Learned a level 8 spell: Ignition
 40548 | Elf:3    | Reached XP level 20. HP: 92/124 MP: 36/36
 40566 | Elf:3    | Lost mutation: Your spells are a little harder to cast, but
                  | a little more powerful. [mutagenic glow]
 40603 | Elf:2    | Lost mutation: Your flesh is heat resistant. (rF+) [potion
                  | of mutation]
 40603 | Elf:2    | Lost mutation: Your body sometimes deteriorates upon taking
                  | damage. [potion of mutation]
 40603 | Elf:2    | Gained mutation: You have sharp toenails. [potion of
                  | mutation]
 40603 | Elf:2    | Gained mutation: You are robust. (+10% HP) [potion of
                  | mutation]
 41009 | Elf:3    | Found the +12 Vampire's Tooth {vamp}
 41051 | Elf:3    | Identified the Handbook of Earthen Summoning
 41056 | Elf:3    | Got a faintly glowing ivory ring
 41057 | Elf:3    | Identified the ring of Zivikaly {rElec rF+ MP+9} (You found
                  | it on level 3 of the Elven Halls)
 41132 | Elf:3    | Identified the Disquisition on the Snowflakes and the
                  | Escort
 41181 | Elf:3    | Got a scintillating silver ring
 41182 | Elf:3    | Identified the ring "Soariwk" {rC+ rN+ Dex+4 Slay-2} (You
                  | found it on level 3 of the Elven Halls)
 41184 | Elf:3    | Identified the Volume of Bewitching Transformation
 41437 | Lair:1   | Upgraded the game from 0.26-a0-651-gb41185065b to
                  | 0.26-a0-652-gafc20e3620
 41572 | Swamp:4  | Entered Level 4 of the Swamp
 42274 | Swamp:4  | Noticed the 27-headed Lernaean hydra
 42280 | Swamp:4  | Killed the 27-headed Lernaean hydra
 42549 | Swamp:4  | Got a decaying rune of Zot
 43471 | Snake:4  | Entered Level 4 of the Snake Pit
 44053 | Snake:4  | Found a gateway to a bazaar.
 44059 | Bazaar   | Entered a bazaar
 44059 | Bazaar   | Found Becrotil's Armour Shoppe.
 44059 | Bazaar   | Found Jueresk's Jewellery Boutique.
 44059 | Bazaar   | Found Yraiz's General Store.
 44059 | Bazaar   | Found Quott's Armour Shop.
 44063 | Bazaar   | Found Zili's Gadget Emporium.
 44063 | Bazaar   | Found Navuchumn's Antique Weapon Shop.
 44108 | Bazaar   | Bought a scroll of teleportation for 24 gold pieces
 44108 | Bazaar   | Bought a potion of haste for 80 gold pieces
 44586 | Snake:4  | Reached skill level 15 in Fire Magic
 44586 | Snake:4  | Reached XP level 21. HP: 108/144 MP: 37/37
 45155 | Snake:4  | Got a serpentine rune of Zot
 45458 | Vaults:1 | Entered Level 1 of the Vaults
 46266 | Vaults:1 | Noticed Donald
 46274 | Vaults:1 | Killed Donald
 46840 | Vaults:1 | Found Ruraap's Antique Armour Shoppe.
 48540 | Vaults:2 | Reached XP level 22. HP: 146/151 MP: 38/39
 48566 | Vaults:2 | Reached skill level 15 in Conjurations
 50217 | Vaults:3 | Found Dessouhe's Armour Emporium.
 50438 | Vaults:3 | Noticed Margery
 50442 | Vaults:3 | Killed Margery
 50634 | Vaults:3 | Reached skill level 10 in Evocations
 51332 | Vaults:3 | Found a staircase to the Crypt.
 51882 | Vaults:3 | Learned a level 9 spell: Shatter
 53083 | Vaults:4 | Found Piczarghax's Book Shoppe.
 53375 | Vaults:5 | Entered Level 5 of the Vaults
 53376 | Vaults:5 | Reached skill level 15 in Fighting
 53376 | Vaults:5 | Reached XP level 23. HP: 158/158 MP: 40/40
 53380 | Vaults:5 | Noticed a golden dragon
 53384 | Vaults:5 | Killed a golden dragon
 53587 | Vaults:5 | Noticed a golden dragon
 53934 | Vaults:5 | Noticed Sojobo
 53942 | Vaults:5 | Killed Sojobo
 53943 | Vaults:5 | Killed a golden dragon
 54302 | Vaults:5 | Noticed a golden dragon
 54317 | Vaults:4 | Killed a golden dragon
 54860 | Vaults:5 | Noticed a golden dragon
 54865 | Vaults:5 | Killed a golden dragon
 55056 | Vaults:5 | Identified the +8 double sword of Binlughec {freeze, Int+3
                  | Stlth+}
 55081 | Vaults:5 | Reached XP level 24. HP: 120/166 MP: 14/41
 55280 | Vaults:5 | Identified the +7 glaive of the Destroying Eel {freeze,
                  | *Drain Int+7}
 56177 | Vaults:5 | Got a silver rune of Zot
 56512 | Vaults:5 | Found the +8 whip "Snakebite" {curare, rPois}
 56800 | Crypt:1  | Entered Level 1 of the Crypt
 56809 | Crypt:1  | Noticed Mara
 56818 | Crypt:1  | Killed Mara
 57150 | Crypt:1  | Reached skill level 15 in Maces & Flails
 58470 | Crypt:1  | Noticed a greater mummy
 58472 | Crypt:1  | Killed a greater mummy
 58768 | Crypt:1  | Identified the cursed +1 war axe of Cebiasm {freeze, rF++
                  | Str+4 Int-2 Dex+4}
 58772 | Crypt:1  | Identified the +7 rapier of the Harvest {protect, +Blink
                  | Str-2 Dex+4}
 58772 | Crypt:1  | Noticed Khufu
 58784 | Crypt:1  | Killed Khufu
 59168 | Crypt:2  | Reached XP level 25. HP: 160/172 MP: 37/41
 59433 | Crypt:2  | Found the +3 giant club "Skullcrusher" {speed, Str+7}
 59522 | Crypt:2  | Reached skill level 15 in Dodging
 59858 | Crypt:2  | Noticed Saint Roka
 59862 | Crypt:2  | Killed Saint Roka
 60509 | Crypt:3  | Entered Level 3 of the Crypt
 60980 | Crypt:3  | Reached skill level 15 in Spellcasting
 61084 | Crypt:3  | Found a basalt altar of Yredelemnul.
 61930 | Crypt:3  | Noticed a greater mummy
 61937 | Crypt:3  | Killed a greater mummy
 62421 | Crypt:3  | Found a staircase to the Tomb.
 62579 | Crypt:3  | Identified the ring of Boluehej {rN+ Str+4} (You found it
                  | on level 3 of the Crypt)
 62580 | Crypt:3  | Identified the ring "Macseic" {rC+ rN+ Str+4 Dex+2} (You
                  | found it on level 3 of the Crypt)
 62894 | Crypt:3  | Identified the +0 robe "Jefek" {rCorr Str+5 Dex-4} (You
                  | found it on level 3 of the Crypt)
 63250 | Depths:1 | Entered Level 1 of the Depths
 63357 | Depths:1 | Reached XP level 26. HP: 147/182 MP: 36/42
 63368 | Depths:1 | Identified a scroll of acquirement
 63561 | Depths:1 | Acquired 764 gold pieces
 63732 | Depths:1 | Noticed Aizul
 63743 | Depths:1 | Killed Aizul
 63847 | Depths:1 | Found a sparkling altar of Nemelex Xobeh.
 63939 | Depths:1 | Found a gateway to Hell.
 64364 | Depths:2 | Found a flickering gateway to a bazaar.
 64369 | Bazaar   | Entered a bazaar
 64402 | Bazaar   | Found Cewuoz's Assorted Antiques.
 64402 | Bazaar   | Found Plog's Armour Shoppe.
 64412 | Bazaar   | Bought a potion of might for 72 gold pieces
 64412 | Bazaar   | Bought a potion of magic for 144 gold pieces
 64412 | Bazaar   | Bought a scroll of blinking for 135 gold pieces
 64425 | Bazaar   | Found Zothota's Armour Emporium.
 64456 | Bazaar   | Found Yqicocum's Weapon Emporium.
 64456 | Bazaar   | Found Necseoma's Jewellery Shoppe.
 64481 | Bazaar   | Found Siuxtefye's Gadget Emporium.
 64481 | Bazaar   | Found Plog's Armour Shoppe.
 64532 | Bazaar   | Bought the ring of Shadows {Umbra +Inv Stlth+} for 440 gold
                  | pieces
 64532 | Bazaar   | Bought the amulet of Nahaxa {RegenMP +Inv rN++ MR- SInv}
                  | for 599 gold pieces
 64532 | Bazaar   | Found the ring of Shadows {Umbra +Inv Stlth+}
 65674 | Depths:2 | Found a transporter.
 65676 | Depths:2 | Found a transporter.
 65684 | Depths:2 | Paralysed by a floating eye for 4 turns
 65855 | Depths:2 | Got a glittering platinum ring
 65856 | Depths:2 | Identified the ring of Yrhexif {*Tele rC+ Str+4} (You found
                  | it on level 2 of the Depths)
 66777 | Depths:3 | Reached XP level 27. HP: 50/190 MP: 9/43
 67580 | Depths:3 | Identified the amulet "Usmuen" {Faith rPois rF- rN++ Str+3}
 67893 | Depths:3 | Identified the ring "Suseubeo" {Fire rPois}
 67975 | Depths:3 | Found a one-way gate leading to the halls of Pandemonium.
 68158 | Depths:4 | Found Ebee's Distillery.
 68166 | Depths:4 | Bought 2 potions of heal wounds for 190 gold pieces
 68166 | Depths:4 | Bought a potion of might for 76 gold pieces
 68166 | Depths:4 | Bought a potion of might for 76 gold pieces
 68166 | Depths:4 | Bought a potion of haste for 190 gold pieces
 68166 | Depths:4 | Bought a potion of heal wounds for 95 gold pieces
 68166 | Depths:4 | Bought a potion of curing for 57 gold pieces
 68333 | Depths:4 | Found a gateway to a ziggurat.
 68543 | Depths:4 | Found a transporter.
 68544 | Depths:4 | Found a transporter.
 68544 | Depths:4 | Noticed a juggernaut
 68570 | Depths:4 | Noticed Boris
 68578 | Depths:4 | Killed Boris
 69273 | Depths:4 | Learned a level 9 spell: Fire Storm
 69277 | Depths:4 | Found Jeut's Jewellery Boutique.
 69325 | Depths:4 | Killed a juggernaut
 69777 | Depths:4 | Identified the Handbook of Noxious Snow
 70069 | Depths:4 | Found Turphiyno's Magic Scroll Shop.
 70078 | Depths:4 | Bought a scroll of identify for 36 gold pieces
 70078 | Depths:4 | Bought a scroll of identify for 36 gold pieces
 70078 | Depths:4 | Bought a scroll of identify for 36 gold pieces
 70078 | Depths:4 | Bought a scroll of summoning for 171 gold pieces
 70221 | Depths:4 | Found a one-way gate to the infinite horrors of the Abyss.
 70525 | Depths:4 | Found Luamurch's Jewellery Emporium.
 70569 | Depths:5 | Entered Level 5 of the Depths
 70761 | Depths:5 | Noticed a juggernaut
 70765 | Depths:5 | Killed a juggernaut
 70898 | Depths:4 | Acquired 771 gold pieces
 71076 | Depths:5 | Learned a level 8 spell: Necromutation
 71139 | Depths:5 | Reached skill level 1 in Transmutations
 71527 | Depths:5 | Reached skill level 1 in Necromancy
 72070 | Depths:5 | Found a gate to the Realm of Zot.
 72546 | Zig:1    | Entered Level 1 of a ziggurat
 72600 | Zig:2    | Entered Level 2 of a ziggurat
 72674 | Zig:2    | Acquired a +2 pair of boots of stealth
 72692 | Zig:2    | Acquired 661 gold pieces
 72703 | Zig:3    | Entered Level 3 of a ziggurat
 72749 | Zig:4    | Entered Level 4 of a ziggurat
 72814 | Zig:4    | Identified the +1 pair of boots "Put-Me-On" {-Cast rElec
                  | Str+3} (You found it on level 4 of a ziggurat)
 72816 | Zig:4    | Identified the +4 great mace of Res Nullius {vorpal, Str+6
                  | Dex+4} (You found it on level 4 of a ziggurat)
 72819 | Zig:5    | Entered Level 5 of a ziggurat
 72943 | Zig:5    | Identified the Volume of Twisted Contamination
 72949 | Zig:6    | Entered Level 6 of a ziggurat
 72956 | Zig:6    | Noticed Movuess the pandemonium lord
 72973 | Zig:6    | Killed Movuess the pandemonium lord
 73342 | Zig:7    | Entered Level 7 of a ziggurat
 73349 | Zig:7    | Reached skill level 5 in Necromancy
 73519 | Zig:8    | Entered Level 8 of a ziggurat
 73575 | Zig:9    | Entered Level 9 of a ziggurat
 73582 | Zig:9    | Noticed a juggernaut
 73584 | Zig:9    | Killed a juggernaut
 73584 | Zig:9    | Noticed a juggernaut
 73587 | Zig:9    | Killed a juggernaut
 73614 | Zig:9    | Got a clouded ivory ring
 73615 | Zig:9    | Identified the cursed ring "Vobun" {rC+ rN+ Str-4 Stlth-}
                  | (You found it on level 9 of a ziggurat)
 73684 | Zig:10   | Entered Level 10 of a ziggurat
 73749 | Zig:10   | Got a transparent marble ring
 73751 | Zig:10   | Identified the ring of Xoeroceb {rPois MR+ Stlth+} (You
                  | found it on level 10 of a ziggurat)
 73753 | Zig:10   | Identified the +1 pair of boots of Watchfulness {-Cast
                  | rElec Slay+4 Stlth-} (You found it on level 10 of a
                  | ziggurat)
 73763 | Zig:11   | Entered Level 11 of a ziggurat
 73795 | Zig:11   | Got a heavily runed glass ring
 73798 | Zig:11   | Identified the ring "Qoitrovi" {MR+ AC+4} (You found it on
                  | level 11 of a ziggurat)
 73801 | Zig:11   | Identified the Almanac of Poisonous Clay
 73806 | Zig:11   | Got a scorched iron ring
 73807 | Zig:11   | Identified the ring of the Pharaoh's Fist {rC+ rN+ MR+
                  | Str+2} (You found it on level 11 of a ziggurat)
 73816 | Zig:12   | Entered Level 12 of a ziggurat
 73829 | Zig:12   | Noticed Ekkuadyph the pandemonium lord
 73835 | Zig:12   | Killed Ekkuadyph the pandemonium lord
 74153 | Zig:12   | Identified the +7 dire flail "Bucken" {protect, MP+9 Int+7}
                  | (You found it on level 12 of a ziggurat)
 74190 | Zig:13   | Entered Level 13 of a ziggurat
 74202 | Zig:13   | Reached skill level 5 in Transmutations
 74319 | Zig:13   | Got a slimy iron ring
 74321 | Zig:13   | Identified the ring "Xank" {rN+ Str+2 Dex+6} (You found it
                  | on level 13 of a ziggurat)
 74328 | Zig:13   | Got a flickering golden ring
 74329 | Zig:13   | Identified the ring of Insomnia {rPois Str+3} (You found it
                  | on level 13 of a ziggurat)
 74342 | Zig:13   | Got a fine silver ring
 74343 | Zig:13   | Identified the ring of Miracles {*Contam +Blink rPois rF+
                  | Int+3} (You found it on level 13 of a ziggurat)
 74366 | Zig:14   | Entered Level 14 of a ziggurat
 74381 | Zig:14   | Found the +8 arc blade {discharge, rElec}
 74489 | Zig:15   | Entered Level 15 of a ziggurat
 74549 | Zig:15   | Identified the +1 buckler "Geonteto" {MP-9 Str+2 Int+8
                  | SInv} (You found it on level 15 of a ziggurat)
 74581 | Zig:16   | Entered Level 16 of a ziggurat
 74693 | Zig:16   | Identified the +6 leather armour of the Present {Rampage
                  | rC+} (You found it on level 16 of a ziggurat)
 74705 | Zig:17   | Entered Level 17 of a ziggurat
 74715 | Zig:17   | Noticed a juggernaut
 74715 | Zig:17   | Noticed a juggernaut
 74715 | Zig:17   | Noticed a juggernaut
 74716 | Zig:17   | Noticed a juggernaut
 74716 | Zig:17   | Noticed a juggernaut
 74717 | Zig:17   | Killed a juggernaut
 74717 | Zig:17   | Reached skill level 10 in Necromancy
 74718 | Zig:17   | Killed a juggernaut
 74718 | Zig:17   | Killed a juggernaut
 74719 | Zig:17   | Killed a juggernaut
 74719 | Zig:17   | Killed a juggernaut
 74750 | Zig:17   | Got a fine brass ring
 74751 | Zig:17   | Identified the ring of Vinar {rElec MP-9 Str+6 Dex+4} (You
                  | found it on level 17 of a ziggurat)
 74760 | Zig:17   | Got a brightly glowing platinum ring
 74761 | Zig:17   | Identified the ring "Onoveod" {rPois rC- Int+2 Slay+3} (You
                  | found it on level 17 of a ziggurat)
 74770 | Zig:17   | Got a steaming wooden ring
 74771 | Zig:17   | Identified the ring of the Countless Lies {+Blink Int+2
                  | Dex+5 Stlth+} (You found it on level 17 of a ziggurat)
 74774 | Zig:17   | Got a translucent pewter amulet
 74775 | Zig:17   | Identified the amulet "Fisiawni" {Acrobat rC- Int+4} (You
                  | found it on level 17 of a ziggurat)
 74779 | Zig:18   | Entered Level 18 of a ziggurat
 74792 | Zig:18   | Noticed an ancient lich
 74793 | Zig:18   | Noticed an ancient lich
 74795 | Zig:18   | Killed an ancient lich
 74796 | Zig:18   | Killed an ancient lich
 74831 | Zig:18   | Got a flickering pewter ring
 74832 | Zig:18   | Identified the ring "Atului" {Ice rN+ Stlth+} (You found it
                  | on level 18 of a ziggurat)
 74847 | Zig:18   | Identified a +0 pair of boots of running (You found it on
                  | level 18 of a ziggurat)
 74854 | Zig:18   | Identified Sif Muna's Papyrus of Ghastly Cold
 74885 | Zig:19   | Entered Level 19 of a ziggurat
 75216 | Zig:19   | Identified the +3 leather armour "Lofizeb" {rF- rC+++ Int+3
                  | Dex+4} (You found it on level 19 of a ziggurat)
 75227 | Zig:20   | Entered Level 20 of a ziggurat
 75257 | Zig:20   | Found the amulet of Vitality {Regen+ HP+15}
 75390 | Zig:20   | Got a glittering marble ring
 75391 | Zig:20   | Identified the ring "Goteasib" {rF+ MR+ Int+2} (You found
                  | it on level 20 of a ziggurat)
 75402 | Zig:21   | Entered Level 21 of a ziggurat
 75496 | Zig:21   | Found the amulet of the Air {Inacc +Fly rElec EV+5 RMsl}
 75496 | Zig:21   | Found the brooch of Shielding {Spirit SH+8}
 75497 | Zig:21   | Found the +9 staff of Olgreb {rPois∞}
 75507 | Zig:21   | Identified Sif Muna's Papyrus of Icy Darkness
 75510 | Zig:21   | Identified the Guide on Icy Conjuration
 75522 | Zig:21   | Identified the +1 leather armour of Imidwoaty {-Tele +Fly
                  | rN+++ Str+3} (You found it on level 21 of a ziggurat)
 75529 | Zig:21   | Got a sparkling wooden ring
 75530 | Zig:21   | Identified the ring "Col Ilau" {rElec rN+} (You found it on
                  | level 21 of a ziggurat)
 75552 | Zig:21   | Identified the Collected Works on Enthralling Evil Arts
 75563 | Zig:22   | Entered Level 22 of a ziggurat
 75581 | Zig:22   | Reached skill level 10 in Transmutations
 75663 | Zig:22   | Found the +8 storm bow {elec, penet}
 75666 | Zig:22   | Found the +3 robe of Folly {Archmagi, MR-- Int+5}
 75675 | Zig:22   | Identified the Handbook of Clay
 75684 | Zig:22   | Got a scorched turquoise ring
 75685 | Zig:22   | Identified the ring of Tuigiqiz {+Blink rElec rC+ rN++
                  | Dex-2} (You found it on level 22 of a ziggurat)
 75700 | Zig:22   | Identified the Collected Works on Toxins and Curses
 75712 | Zig:23   | Entered Level 23 of a ziggurat
 75841 | Zig:23   | Found the +7 pair of quick blades "Gyre" and "Gimble"
                  | {protect}
 75880 | Zig:23   | Got a slimy iron amulet
 75881 | Zig:23   | Identified the amulet of Birdsong {Inacc *Contam rF+ Int+2
                  | SInv} (You found it on level 23 of a ziggurat)
 75884 | Zig:23   | Identified the +5 mace of Purpose {venom, *Drain rN+ Dex+6}
                  | (You found it on level 23 of a ziggurat)
 75981 | Zig:24   | Entered Level 24 of a ziggurat
 76096 | Zig:24   | Identified Easy Theurgy
 76110 | Zig:24   | Identified the +8 morningstar "Wawkaxt" {vamp, MR++ Stlth+}
                  | (You found it on level 24 of a ziggurat)
 76113 | Zig:24   | Identified the +1 cloak "Bunkutwa" {+Fly Str+9 Int+4} (You
                  | found it on level 24 of a ziggurat)
 76131 | Zig:24   | Identified the +6 quarterstaff "Kentyuts" {vorpal, rElec
                  | Dex+3 Stlth+} (You found it on level 24 of a ziggurat)
 76136 | Zig:25   | Entered Level 25 of a ziggurat
 76299 | Zig:25   | Found the +4 dagger "Morg" {pain, MR+ Int+5}
 76312 | Zig:25   | Identified Geox's Guide on Poisonous Orientation
 76340 | Zig:25   | Got a wavering bronze ring
 76341 | Zig:25   | Identified the ring "Dyok" {rN+ Int+4} (You found it on
                  | level 25 of a ziggurat)
 76379 | Zig:26   | Entered Level 26 of a ziggurat
 76594 | Zig:26   | Found the +27 Lear's hauberk
 76601 | Zig:26   | Got a brightly glowing granite ring
 76626 | Zig:26   | Identified Witchcraft for Beginners
 76629 | Zig:26   | Identified the ring "Nununem" {*Drain rPois rF+ MR+ Int+2}
                  | (You found it on level 26 of a ziggurat)
 76636 | Zig:26   | Identified the Almanac of Unstable Conjuration
 76647 | Zig:26   | Got a flickering ivory ring
 76648 | Zig:26   | Identified the ring "Xuerir" {Str+6 Stlth+} (You found it
                  | on level 26 of a ziggurat)
 76652 | Zig:27   | Entered Level 27 of a ziggurat
 76675 | Zig:27   | Found the +3 crown of Dyrovepreva {rElec Int+2 SInv}
 76732 | Zig:27   | Identified the Compendium of Ashen Feathers
 76892 | D:15     | Learned a level 9 spell: Absolute Zero
 76903 | D:15     | Learned a level 9 spell: Death's Door
 77291 | Zig:1    | Entered Level 1 of a ziggurat
 77335 | Zig:2    | Entered Level 2 of a ziggurat
 77373 | Zig:3    | Entered Level 3 of a ziggurat
 77374 | Zig:3    | Noticed Obet the pandemonium lord
 77377 | Zig:3    | Killed Obet the pandemonium lord
 77452 | Zig:3    | Acquired 1142 gold pieces
 77460 | Zig:4    | Entered Level 4 of a ziggurat
 77693 | Zig:5    | Entered Level 5 of a ziggurat
 77698 | Zig:5    | Noticed an ancient lich
 77700 | Zig:5    | Killed an ancient lich
 77740 | Zig:5    | Reached skill level 5 in Ice Magic
 77742 | Zig:5    | Lost mutation: You have sharp toenails. [potion of
                  | mutation]
 77742 | Zig:5    | Lost mutation: You are robust. (+10% HP) [potion of
                  | mutation]
 77742 | Zig:5    | Lost mutation: Armour fits poorly on your strangely shaped
                  | body. [potion of mutation]
 77742 | Zig:5    | Gained mutation: Scrolls take you a little longer to read.
                  | [potion of mutation]
 77742 | Zig:5    | Gained mutation: You are weak. (Str -2) [potion of
                  | mutation]
 77742 | Zig:5    | Gained mutation: Your mind is acute. (Int +2) [potion of
                  | mutation]
 77743 | Zig:5    | Lost mutation: You are weak. (Str -2) [potion of mutation]
 77743 | Zig:5    | Lost mutation: Your mind is acute. (Int +2) [potion of
                  | mutation]
 77743 | Zig:5    | Gained mutation: You have an increased reservoir of magic.
                  | (+10% MP) [potion of mutation]
 77743 | Zig:5    | Gained mutation: You have a pair of small antennae on your
                  | head. [potion of mutation]
 77744 | Zig:5    | Lost mutation: Scrolls take you a little longer to read.
                  | [potion of mutation]
 77744 | Zig:5    | Lost mutation: You have a pair of small antennae on your
                  | head. [potion of mutation]
 77744 | Zig:5    | Gained mutation: Your natural rate of healing is unusually
                  | fast. [potion of mutation]
 77748 | Zig:6    | Entered Level 6 of a ziggurat
 77752 | Zig:6    | Found the +7 Singing Sword {vorpal, sonic wave}
 77774 | Zig:6    | Found the +7 great mace "Firestarter" {inner flame, rF++}
 77789 | Zig:7    | Entered Level 7 of a ziggurat
 77888 | Zig:8    | Entered Level 8 of a ziggurat
 77941 | Zig:8    | Identified the cursed +1 robe of the Shining One {*Slow rC+
                  | Dex+4} (You found it on level 8 of a ziggurat)
 77952 | Zig:9    | Entered Level 9 of a ziggurat
 77964 | Zig:9    | Reached skill level 10 in Ice Magic
 78014 | Zig:10   | Entered Level 10 of a ziggurat
 78103 | Zig:10   | Got a heavily runed granite ring
 78104 | Zig:10   | Identified the ring of Wokeggomn {rF+ MR++ Int+3 Dex-5}
                  | (You found it on level 10 of a ziggurat)
 78109 | Zig:10   | Got a faintly glowing bone ring
 78111 | Zig:10   | Identified the ring "Laliri" {rC++ EV+4 Int+4} (You found
                  | it on level 10 of a ziggurat)
 78115 | Zig:10   | Got a wavering copper amulet
 78120 | Zig:10   | Identified the amulet "Hizosh" {+Inv Regen+ Int+6} (You
                  | found it on level 10 of a ziggurat)
 78123 | Zig:11   | Entered Level 11 of a ziggurat
 78166 | Zig:11   | Got a scorched marble ring
 78167 | Zig:11   | Identified the ring "Ranut" {+Fly rPois MP+9} (You found it
                  | on level 11 of a ziggurat)
 78242 | Zig:12   | Entered Level 12 of a ziggurat
 78252 | Zig:12   | Noticed an ancient lich
 78254 | Zig:12   | Killed an ancient lich
 78255 | Zig:12   | Noticed an ancient lich
 78257 | Zig:12   | Killed an ancient lich
 78259 | Zig:12   | Found the +12 glaive of Prune {vorpal}
 78386 | Zig:13   | Entered Level 13 of a ziggurat
 78442 | Zig:13   | Identified Afres's Reference Book on Supportive Hexes
 78448 | Zig:14   | Entered Level 14 of a ziggurat
 78633 | Zig:14   | Identified the +4 morningstar of Duty {elec, rF+} (You
                  | found it on level 14 of a ziggurat)
 78636 | Zig:14   | Got a steaming marble ring
 78637 | Zig:14   | Identified the ring "Uthris" {Int+4 Dex+4 Stlth+} (You
                  | found it on level 14 of a ziggurat)
 78648 | Zig:15   | Entered Level 15 of a ziggurat
 78662 | Zig:15   | Noticed a greater mummy
 78664 | Zig:15   | Noticed a greater mummy
 78665 | Zig:15   | Noticed a greater mummy
 78665 | Zig:15   | Noticed a greater mummy
 78667 | Zig:15   | Killed a greater mummy
 78667 | Zig:15   | Killed a greater mummy
 78668 | Zig:15   | Killed a greater mummy
 78668 | Zig:15   | Noticed a greater mummy
 78669 | Zig:15   | Killed a greater mummy
 78671 | Zig:15   | Killed a greater mummy
 78760 | Zig:15   | Found the +0 mask of the Dragon {MR+ Slay+3 SInv}
 78774 | Zig:15   | Reached skill level 15 in Necromancy
 78793 | Zig:15   | Got a coiled sapphire amulet
 78794 | Zig:15   | Identified the amulet of Altruism {Acrobat *Slow rF+ MR+
                  | Str+7} (You found it on level 15 of a ziggurat)
 78798 | Zig:15   | Got a steaming silver amulet
 78799 | Zig:15   | Identified the amulet of Upsadoba {MR- Regen+ Dex+2 SInv}
                  | (You found it on level 15 of a ziggurat)
 78810 | Zig:16   | Entered Level 16 of a ziggurat
 78827 | Zig:16   | Noticed a juggernaut
 78827 | Zig:16   | Noticed a juggernaut
 78828 | Zig:16   | Noticed a juggernaut
 78828 | Zig:16   | Noticed a juggernaut
 78828 | Zig:16   | Noticed a juggernaut
 78830 | Zig:16   | Killed a juggernaut
 78830 | Zig:16   | Killed a juggernaut
 78830 | Zig:16   | Reached skill level 15 in Evocations
 78830 | Zig:16   | Killed a juggernaut
 78832 | Zig:16   | Killed a juggernaut
 78834 | Zig:16   | Killed a juggernaut
 78992 | Zig:16   | Got a steaming crystal amulet
 78993 | Zig:16   | Identified the amulet of Plog {Reflect +Blink Str+2 SH+5}
                  | (You found it on level 16 of a ziggurat)
 79009 | Zig:17   | Entered Level 17 of a ziggurat
 79025 | Zig:17   | Noticed an ancient lich
 79025 | Zig:17   | Noticed an ancient lich
 79026 | Zig:17   | Noticed an ancient lich
 79027 | Zig:17   | Killed an ancient lich
 79027 | Zig:17   | Reached skill level 27 in Fighting
 79028 | Zig:17   | Killed an ancient lich
 79030 | Zig:17   | Killed an ancient lich
 79057 | Zig:17   | Identified the Catalogue of the Torrid Escort
 79071 | Zig:18   | Entered Level 18 of a ziggurat
 79086 | Zig:18   | Reached skill level 15 in Ice Magic
 79140 | Zig:18   | Found the +5 scythe "Finisher" {speed, eviscerate}
 79197 | Zig:19   | Entered Level 19 of a ziggurat
 79205 | Zig:19   | Noticed Ola Moer the pandemonium lord
 79206 | Zig:19   | Noticed Cech the pandemonium lord
 79209 | Zig:19   | Noticed Xaprocs the pandemonium lord
 79209 | Zig:19   | Noticed Fatelai the pandemonium lord
 79209 | Zig:19   | Noticed Besyhe the pandemonium lord
 79209 | Zig:19   | Noticed Dudiapn the pandemonium lord
 79209 | Zig:19   | Noticed Raloat the pandemonium lord
 79209 | Zig:19   | Noticed Josun the pandemonium lord
 79209 | Zig:19   | Noticed Wellojiobao the pandemonium lord
 79211 | Zig:19   | Killed Fatelai the pandemonium lord
 79211 | Zig:19   | Killed Josun the pandemonium lord
 79211 | Zig:19   | Noticed Ocoyttel the pandemonium lord
 79212 | Zig:19   | Killed Wellojiobao the pandemonium lord
 79213 | Zig:19   | Noticed Xoeditid the pandemonium lord
 79213 | Zig:19   | Noticed Faolunti the pandemonium lord
 79213 | Zig:19   | Noticed Qoxy the pandemonium lord
 79213 | Zig:19   | Noticed Foudoj the pandemonium lord
 79215 | Zig:19   | Found the +0 sword of Power
 79218 | Zig:20   | Entered Level 20 of a ziggurat
 79514 | Zig:20   | Identified the +2 cloak of Dishonour {rCorr} (You found it
                  | on level 20 of a ziggurat)
 79552 | Zig:20   | Got a heavily runed marble ring
 79554 | Zig:20   | Got a translucent platinum amulet
 79555 | Zig:20   | Identified the Tome of Virous Air
 79558 | Zig:20   | Got a fine wooden ring
 79572 | Zig:21   | Entered Level 21 of a ziggurat
 79593 | Zig:21   | Noticed Famelix the pandemonium lord
 79601 | Zig:21   | Killed Famelix the pandemonium lord
 79871 | Zig:21   | Got a pair of dazzling boots
 79882 | Zig:21   | Identified the +1 pair of boots of Fabulous Salvation {rN+
                  | Regen+ rCorr Int+6} (You found it on level 21 of a
                  | ziggurat)
 79903 | Zig:22   | Entered Level 22 of a ziggurat
 79933 | Zig:22   | Found the +8 autumn katana {vorpal, Clar}
 80001 | Zig:22   | Found the cursed +13 scythe of Curses {drain, *Curse}
 80021 | Zig:22   | Acquired 899 gold pieces
 80028 | Zig:22   | Got a scorched golden ring
 80051 | Zig:22   | Identified the Tome of Dislocated Changing
 80055 | Zig:22   | Identified the Incunabulum of Translocation
 80061 | Zig:22   | Identified the Volume of Glacial Clay
 80063 | Zig:22   | Identified the ring "Tinuck" {*Tele MR+ Dex+3 Stlth+} (You
                  | found it on level 22 of a ziggurat)
 80065 | Zig:22   | Identified the ring "Zokih" {rC+ rN+ MP+9 Str-5 Dex+4} (You
                  | found it on level 20 of a ziggurat)
 80072 | Zig:23   | Entered Level 23 of a ziggurat
 80105 | Zig:23   | Reached skill level 27 in Conjurations
 80127 | Zig:23   | Learned a level 8 spell: Lehudib's Crystal Spear
 80198 | Zig:23   | Got a brightly glowing glass ring
 80212 | Zig:23   | Acquired the +2 hat "Biec" {MR- Regen+ rCorr Str+8}
 80225 | Zig:24   | Entered Level 24 of a ziggurat
 80258 | Zig:24   | Noticed Damaxamy the pandemonium lord
 80260 | Zig:24   | Killed Damaxamy the pandemonium lord
 80314 | Zig:24   | Found the +0 staff of Battle
 80336 | Zig:24   | Got a steaming bone ring
 80373 | Zig:24   | Identified the amulet "Hasch" {Reflect rC++ Dex+3 SH+5
                  | Stlth+} (You found it on level 20 of a ziggurat)
 80384 | Zig:25   | Entered Level 25 of a ziggurat
 80439 | Zig:25   | Found the ring of Robustness {AC+8}
 80459 | Zig:25   | Identified the Collected Works on the Gliding Rocks
 80469 | Zig:25   | Got a glittering bone ring
 80498 | Zig:25   | Got a warped glass ring
 80506 | Zig:25   | Identified the ring "Saniet Xebb" {Wiz rElec rF- Dex+8}
                  | (You found it on level 25 of a ziggurat)
 80510 | Zig:25   | Identified the ring "Lidwoast" {Wiz rC- Str+8 Dex+2} (You
                  | found it on level 23 of a ziggurat)
 80519 | Zig:25   | Identified the ring "Rybruo Giwk" {rN+ Str+3 SInv} (You
                  | found it on level 24 of a ziggurat)
 80523 | Zig:25   | Identified the ring "Omulaisa" {+Fly rElec Int+4} (You
                  | found it on level 20 of a ziggurat)
 80527 | Zig:25   | Identified the ring "Doraella" {rF+ rC+ Int+3 Dex+2} (You
                  | found it on level 25 of a ziggurat)
 80552 | Zig:26   | Entered Level 26 of a ziggurat
 80624 | Zig:26   | Got a scintillating marble ring
 80682 | Zig:27   | Entered Level 27 of a ziggurat
 80732 | Zig:27   | Found the +3 Elemental Staff {rElec rF++ rC++ MR++ AC+5}
 80880 | Zig:27   | Acquired 808 gold pieces
 80891 | Zig:27   | Identified the +1 pair of gloves of Tender Moments {Rampage
                  | rF+++ MP-9 Dex+4} (You found it on level 27 of a ziggurat)
 80899 | Zig:27   | Identified the Papyrus of Clay and Bewitchment
 80901 | Zig:27   | Identified the Catalogue of Harmful Shape Shifting
 80922 | D:15     | Identified the ring of Ypol {rElec rF- rN+ MR+ Str+2} (You
                  | found it on level 26 of a ziggurat)
 81138 | Slime:1  | Entered Level 1 of the Pits of Slime
 81328 | Slime:5  | Entered Level 5 of the Pits of Slime
 81346 | Slime:5  | Noticed the Royal Jelly
 81348 | Slime:5  | Killed the Royal Jelly
 81641 | Slime:5  | Got a slimy bone ring
 81642 | Slime:5  | Identified the ring of Plog {Fire Int+5 Slay+3} (You found
                  | it on level 5 of the Pits of Slime)
 81665 | Slime:5  | Got a slimy rune of Zot
 81666 | Slime:5  | Identified the Papyrus of Evil and Beguiling
 82071 | Depths:4 | Voluntarily entered the Abyss.
 82914 | Abyss:2  | Gained mutation: You have a considerably increased
                  | reservoir of magic. (+20% MP) [a neqoxec]
 83257 | Abyss:3  | Gained mutation: Your body sometimes deteriorates upon
                  | taking damage. [a neqoxec]
 83462 | Abyss:3  | Found a corrupted altar of Lugonu.
 83694 | Depths:4 | Escaped the Abyss
 83718 | Depths:4 | Voluntarily entered the Abyss.
 83740 | Abyss:1  | Gained mutation: Your body often deteriorates upon taking
                  | damage. [a cacodemon]
 84539 | Abyss:2  | Reached skill level 27 in Spellcasting
 85076 | Abyss:3  | Found a corrupted altar of Lugonu.
 85152 | Abyss:3  | Gained mutation: Your spells are a little easier to cast,
                  | but a little less powerful. [a neqoxec]
 85158 | Abyss:3  | Gained mutation: Armour fits poorly on your strangely
                  | shaped body. [a neqoxec]
 85160 | Abyss:3  | Gained mutation: You are frail. (-10% HP) [a neqoxec]
 85196 | Abyss:3  | Reached skill level 27 in Maces & Flails
 85219 | Abyss:3  | Lost mutation: Your spells are a little easier to cast, but
                  | a little less powerful. [a neqoxec]
 85253 | Depths:4 | Escaped the Abyss
 85484 | Depths:4 | Lost mutation: Armour fits poorly on your strangely shaped
                  | body. [potion of mutation]
 85484 | Depths:4 | Lost mutation: You are frail. (-10% HP) [potion of
                  | mutation]
 85484 | Depths:4 | Lost mutation: Your body often deteriorates upon taking
                  | damage. [potion of mutation]
 85484 | Depths:4 | Gained mutation: Your movements are slightly less
                  | encumbered by armour. (ER -2) [potion of mutation]
 85486 | Depths:4 | Voluntarily entered the Abyss.
 85811 | Abyss:1  | Reached skill level 10 in Armour
 86125 | Abyss:3  | Found a corrupted altar of Lugonu.
 86150 | Abyss:3  | Got an abyssal rune of Zot
 86207 | Abyss:3  | Found a corrupted altar of Lugonu.
 86307 | Depths:4 | Escaped the Abyss
 86459 | Zig:1    | Entered Level 1 of a ziggurat
 86486 | Zig:2    | Entered Level 2 of a ziggurat
 86505 | Zig:3    | Entered Level 3 of a ziggurat
 86527 | Zig:4    | Entered Level 4 of a ziggurat
 86557 | Zig:5    | Entered Level 5 of a ziggurat
 86710 | Zig:6    | Entered Level 6 of a ziggurat
 86795 | Zig:6    | Identified the Disquisition on the Mutagenic Glacier
 86804 | Zig:7    | Entered Level 7 of a ziggurat
 86819 | Zig:7    | Found the +6 Majin-Bo {vamp, MP+6 Int+6}
 86857 | Zig:8    | Entered Level 8 of a ziggurat
 86861 | Zig:8    | Noticed Pihymuiso the pandemonium lord
 86866 | Zig:8    | Killed Pihymuiso the pandemonium lord
 86866 | Zig:8    | Noticed Dydog the pandemonium lord
 86868 | Zig:8    | Killed Dydog the pandemonium lord
 87007 | Zig:8    | Identified the Handbook of the Snowflakes
 87017 | Zig:9    | Entered Level 9 of a ziggurat
 87028 | Zig:9    | Noticed Hyiliurph the pandemonium lord
 87030 | Zig:9    | Killed Hyiliurph the pandemonium lord
 87147 | Zig:10   | Entered Level 10 of a ziggurat
 87221 | Zig:10   | Got a jewelled dire flail
 87222 | Zig:10   | Identified the +8 dire flail of Infinity {elec, *Slow +Rage
                  | MP+9 Int+6} (You found it on level 10 of a ziggurat)
 87243 | Zig:10   | Got a steaming tin amulet
 87246 | Zig:10   | Identified the amulet of Perfectionism {RegenMP MR+} (You
                  | found it on level 10 of a ziggurat)
 87254 | Zig:11   | Entered Level 11 of a ziggurat
 87295 | Zig:11   | Identified the Grimoire of the Entourage
 87347 | Zig:12   | Entered Level 12 of a ziggurat
 87405 | Zig:13   | Entered Level 13 of a ziggurat
 87407 | Zig:13   | Noticed a greater mummy
 87407 | Zig:13   | Noticed a greater mummy
 87412 | Zig:13   | Killed a greater mummy
 87412 | Zig:13   | Noticed a greater mummy
 87413 | Zig:13   | Killed a greater mummy
 87413 | Zig:13   | Noticed a greater mummy
 87415 | Zig:13   | Killed a greater mummy
 87416 | Zig:13   | Killed a greater mummy
 87417 | Zig:13   | Noticed a greater mummy
 87423 | Zig:13   | Killed a greater mummy
 87444 | Zig:13   | Got a scorched marble ring
 87445 | Zig:13   | Identified the ring "Xutituxo" {+Inv MP+9} (You found it on
                  | level 13 of a ziggurat)
 87496 | Zig:14   | Entered Level 14 of a ziggurat
 87682 | Zig:14   | Found the +5 robe of Night {Dark MR+ SInv}
 87701 | Zig:15   | Entered Level 15 of a ziggurat
 87708 | Zig:15   | Noticed a greater mummy
 87708 | Zig:15   | Noticed a greater mummy
 87709 | Zig:15   | Noticed an ancient lich
 87709 | Zig:15   | Noticed a greater mummy
 87709 | Zig:15   | Noticed a greater mummy
 87710 | Zig:15   | Noticed a greater mummy
 87711 | Zig:15   | Killed a greater mummy
 87711 | Zig:15   | Killed an ancient lich
 87711 | Zig:15   | Noticed a greater mummy
 87711 | Zig:15   | Noticed a greater mummy
 87712 | Zig:15   | Killed a greater mummy
 87712 | Zig:15   | Killed a greater mummy
 87712 | Zig:15   | Killed a greater mummy
 87712 | Zig:15   | Killed a greater mummy
 87713 | Zig:15   | Killed a greater mummy
 87713 | Zig:15   | Noticed a greater mummy
 87714 | Zig:15   | Killed a greater mummy
 87714 | Zig:15   | Noticed a greater mummy
 87715 | Zig:15   | Killed a greater mummy
 87715 | Zig:15   | Noticed a greater mummy
 87718 | Zig:15   | Killed a greater mummy
 87718 | Zig:15   | Killed a greater mummy
 87773 | Zig:15   | Identified Amnikoff's Disquisition on Combat Magic and Evil
                  | Secrets
 87788 | Zig:15   | Got a transparent pewter ring
 87789 | Zig:15   | Identified the ring of Uwouceqi {rN+ Str+6} (You found it
                  | on level 15 of a ziggurat)
 87793 | Zig:16   | Entered Level 16 of a ziggurat
 87830 | Zig:16   | Got an ancient turquoise ring
 87837 | Zig:17   | Entered Level 17 of a ziggurat
 87908 | Zig:17   | Got a heavily runed iron ring
 87920 | Zig:17   | Identified Sif Muna's Handbook of Earth and Companions
 87925 | Zig:17   | Got a smoking golden amulet
 87928 | Zig:18   | Entered Level 18 of a ziggurat
 87957 | Zig:18   | Found the ring of the Octopus King
 87957 | Zig:18   | Found the ring of the Octopus King
 87990 | Zig:18   | Got a ring of the Octopus King
 87996 | Zig:18   | Got a ring of the Octopus King
 88021 | Zig:18   | Identified the amulet of Ukain {Faith rElec Str-3 Int+4
                  | Stlth+} (You found it on level 17 of a ziggurat)
 88023 | Zig:18   | Identified the cursed ring of Teikkagg {rF+ Dex-4} (You
                  | found it on level 16 of a ziggurat)
 88027 | Zig:19   | Entered Level 19 of a ziggurat
 88037 | Zig:19   | Reached skill level 27 in Dodging
 88051 | Zig:19   | Noticed Nuxt the pandemonium lord
 88057 | Zig:20   | Entered Level 20 of a ziggurat
 88385 | Zig:20   | Identified the Tome of Shifting Cold
 88391 | Zig:21   | Entered Level 21 of a ziggurat
 88474 | Zig:21   | Identified the Papyrus of Hexes and the Entourage
 88478 | Zig:21   | Got a flickering lapis lazuli ring
 88479 | Zig:21   | Identified Xidghoza's Tome of Lethal Bewitchment
 88482 | Zig:21   | Got a translucent jade ring
 88488 | Zig:21   | Identified the Tome of Unholy Changing
 88492 | Zig:22   | Entered Level 22 of a ziggurat
 88502 | Zig:22   | Noticed an ancient lich
 88506 | Zig:22   | Noticed an ancient lich
 88508 | Zig:22   | Killed an ancient lich
 88508 | Zig:22   | Killed an ancient lich
 88508 | Zig:22   | Noticed an ancient lich
 88511 | Zig:22   | Killed an ancient lich
 88526 | Zig:22   | Found the +1 cloak of Starlight {rElec rC+ EV+4 Stlth--}
 88557 | Zig:22   | Got a wavering iron ring
 88571 | Zig:22   | Identified the Grimoire of Shifting Feathers
 88589 | Zig:23   | Entered Level 23 of a ziggurat
 88603 | Zig:23   | Reached skill level 27 in Evocations
 88604 | Zig:23   | Reached skill level 5 in Stealth
 88610 | Zig:23   | Reached skill level 10 in Stealth
 88673 | Zig:23   | Got a translucent bone ring
 88692 | Zig:23   | Got a bound jade ring
 88703 | Zig:23   | Identified the cursed ring "Tinoism" {AC-4 Dex+9 Stlth+}
                  | (You found it on level 21 of a ziggurat)
 88716 | Zig:23   | Identified the Volume of Combat Magic
 88725 | Zig:23   | Identified the ring "Jydetoet" {*Contam Int+6 Dex+6} (You
                  | found it on level 17 of a ziggurat)
 88727 | Zig:23   | Identified the ring "Peatyl" {*Tele MR- Str+5} (You found
                  | it on level 21 of a ziggurat)
 88731 | Zig:24   | Entered Level 24 of a ziggurat
 88738 | Zig:24   | Noticed Waurr the pandemonium lord
 88738 | Zig:24   | Noticed Duis the pandemonium lord
 88741 | Zig:24   | Noticed Wakk the pandemonium lord
 88742 | Zig:24   | Noticed Hiogaru the pandemonium lord
 88742 | Zig:24   | Noticed Ifanososk the pandemonium lord
 88742 | Zig:24   | Noticed Deopol the pandemonium lord
 88742 | Zig:24   | Noticed Dakaul the pandemonium lord
 88742 | Zig:24   | Noticed Bidotive the pandemonium lord
 88742 | Zig:24   | Noticed Keohoema the pandemonium lord
 88742 | Zig:24   | Noticed Yhott the pandemonium lord
 88742 | Zig:24   | Noticed Zeirgh the pandemonium lord
 88742 | Zig:24   | Noticed Cegelu the pandemonium lord
 88742 | Zig:24   | Noticed Iqet the pandemonium lord
 88742 | Zig:24   | Noticed Imui the pandemonium lord
 88742 | Zig:24   | Noticed Siolivom the pandemonium lord
 88742 | Zig:24   | Noticed Eghentepp the pandemonium lord
 88742 | Zig:24   | Noticed Otengih the pandemonium lord
 88742 | Zig:24   | Noticed Newezo the pandemonium lord
 88742 | Zig:24   | Noticed Myfek the pandemonium lord
 88742 | Zig:24   | Noticed Etile the pandemonium lord
 88742 | Zig:24   | Noticed Denwutz the pandemonium lord
 88742 | Zig:24   | Noticed Ilotoliv the pandemonium lord
 88742 | Zig:24   | Noticed Vemec the pandemonium lord
 88742 | Zig:24   | Noticed Kot Ajut the pandemonium lord
 88742 | Zig:24   | Noticed Animag the pandemonium lord
 88742 | Zig:24   | Noticed Utuucsyuck the pandemonium lord
 88742 | Zig:24   | Noticed Ujesk the pandemonium lord
 88743 | Zig:24   | Noticed Puhiada the pandemonium lord
 88746 | Zig:24   | Noticed Zalukh the pandemonium lord
 88747 | Zig:24   | Killed Vemec the pandemonium lord
 88747 | Zig:24   | Killed Dakaul the pandemonium lord
 88747 | Zig:24   | Killed Newezo the pandemonium lord
 88747 | Zig:24   | Killed Eghentepp the pandemonium lord
 88747 | Zig:24   | Reached skill level 15 in Stealth
 88747 | Zig:24   | Killed Iqet the pandemonium lord
 88747 | Zig:24   | Killed Cegelu the pandemonium lord
 88747 | Zig:24   | Killed Ifanososk the pandemonium lord
 88747 | Zig:24   | Noticed Zoel the pandemonium lord
 88747 | Zig:24   | Lost mutation: You have a considerably increased reservoir
                  | of magic. (+20% MP) [a cacodemon]
 88748 | Zig:24   | Killed Waurr the pandemonium lord
 88750 | Zig:24   | Killed Otengih the pandemonium lord
 88751 | Zig:24   | Killed Duis the pandemonium lord
 88751 | Zig:24   | Killed Ilotoliv the pandemonium lord
 88751 | Zig:24   | Killed Wakk the pandemonium lord
 88751 | Zig:24   | Killed Animag the pandemonium lord
 88752 | Zig:24   | Killed Ujesk the pandemonium lord
 88761 | Zig:24   | Killed Zeirgh the pandemonium lord
 88764 | Zig:24   | Killed Keohoema the pandemonium lord
 88764 | Zig:24   | Killed Siolivom the pandemonium lord
 88766 | Zig:24   | Killed Utuucsyuck the pandemonium lord
 88766 | Zig:24   | Killed Bidotive the pandemonium lord
 88767 | Zig:24   | Killed Denwutz the pandemonium lord
 88767 | Zig:24   | Killed Kot Ajut the pandemonium lord
 88767 | Zig:24   | Killed Hiogaru the pandemonium lord
 88767 | Zig:24   | Killed Imui the pandemonium lord
 88768 | Zig:24   | Killed Deopol the pandemonium lord
 88769 | Zig:24   | Killed Puhiada the pandemonium lord
 88771 | Zig:24   | Killed Zalukh the pandemonium lord
 88771 | Zig:24   | Noticed Hobbikhla the pandemonium lord
 88771 | Zig:24   | Noticed Moesal the pandemonium lord
 88773 | Zig:24   | Killed Myfek the pandemonium lord
 88773 | Zig:24   | Killed Yhott the pandemonium lord
 88773 | Zig:24   | Killed Zoel the pandemonium lord
 88778 | Zig:24   | Killed Hobbikhla the pandemonium lord
 88778 | Zig:24   | Killed Etile the pandemonium lord
 88781 | Zig:24   | Killed Moesal the pandemonium lord
 89012 | Zig:24   | Got a warped cloak
 89039 | Zig:24   | Identified the Almanac of Twisted Air
 89042 | Zig:24   | Identified Further Progress in Witchcraft
 89045 | Zig:24   | Got a warped amber ring
 89052 | Zig:25   | Entered Level 25 of a ziggurat
 89113 | Zig:25   | Got a brightly glowing copper ring
 89117 | Zig:25   | Got a scintillating iron ring
 89132 | Zig:25   | Identified Jumyirgh's Disquisition on Excruciating Stolen
                  | Souls
 89161 | Zig:26   | Entered Level 26 of a ziggurat
 89181 | Zig:26   | Reached skill level 27 in Stealth
 89255 | Zig:26   | Identified the Tome of Doomed Clay
 89261 | Zig:26   | Got a sparkling steel ring
 89265 | Zig:26   | Identified the cursed +0 pair of gloves of Zin's Righteous
                  | Fury {Rampage rPois Slay+3} (You found it on level 26 of a
                  | ziggurat)
 89273 | Zig:26   | Identified Sif Muna's Incunabulum of Glacial Transmigration
 89287 | Zig:26   | Identified the Volume of Air and the Oath
 89309 | Zig:26   | Identified the ring of Gehong {*Drain rElec rC+ EV+4 Dex+4}
                  | (You found it on level 24 of a ziggurat)
 89312 | Zig:26   | Identified the ring of Meikkiot {Ice MR+ Str+9 SInv Stlth-}
                  | (You found it on level 25 of a ziggurat)
 89315 | Zig:26   | Identified the ring of the Hungering Saviour {rElec rF+ rN+
                  | Int+6} (You found it on level 22 of a ziggurat)
 89321 | Zig:26   | Identified the ring "Isoxal" {rC+ MP+9} (You found it on
                  | level 23 of a ziggurat)
 89325 | Zig:26   | Identified the ring "Zubu" {rC+ rCorr} (You found it on
                  | level 23 of a ziggurat)
 89331 | Zig:26   | Identified the ring "Utzidgh" {*Slow rC+ rN+ Int+7} (You
                  | found it on level 25 of a ziggurat)
 89335 | Zig:26   | Identified the ring of Ovic {rPois rC- MR- Str+6 Stlth+}
                  | (You found it on level 26 of a ziggurat)
 89353 | Zig:26   | Got a fine silver amulet
 89358 | Zig:27   | Entered Level 27 of a ziggurat
 89372 | Zig:27   | Paralysed by a great orb of eyes for 4 turns
 89394 | Zig:27   | Found the +2 Maxwell's thermic engine {flame, freeze}
 89396 | Zig:27   | Found the +9 staff of Wucad Mu {channel}
 89406 | Zig:27   | Learned a level 9 spell: Tornado
 89429 | Zig:27   | Identified the Guide on Icy Flight
 89440 | Zig:27   | Got a steaming pewter ring
 89444 | Zig:27   | Identified the +2 cloak of Hangman {rN+ Str+4} (You found
                  | it on level 24 of a ziggurat)
 89446 | Zig:27   | Identified the amulet "Ysaesoqo" {Faith rC++ Stlth+} (You
                  | found it on level 26 of a ziggurat)
 89448 | Zig:27   | Identified the ring of the Ban {*Contam rF+ rN+++ MP+9
                  | Dex+6} (You found it on level 27 of a ziggurat)
 89482 | Zig:27   | Identified the Collected Works on the Arsonist
 89503 | Zig:27   | Got a flickering marble ring
 89504 | Zig:27   | Identified the ring "Janamuip" {rN+ MR+ Int-5 Dex+4} (You
                  | found it on level 27 of a ziggurat)
 89599 | Zot:1    | Entered Level 1 of the Realm of Zot
 89673 | Zot:1    | Found a runed translucent door.
 89674 | Zot:1    | Noticed Fuumyal's ghost (legendary DsEn)
 89679 | Zot:1    | Killed Fuumyal's ghost
 90608 | Zot:2    | Noticed an orb of fire
 90612 | Zot:2    | Killed an orb of fire
 90714 | Zot:2    | Reached skill level 10 in Air Magic
 91858 | Zot:4    | Reached skill level 27 in Fire Magic
 92443 | Zot:5    | Entered Level 5 of the Realm of Zot
 92897 | Zot:5    | Noticed an ancient lich
 92903 | Zot:5    | Killed an ancient lich
 93065 | Zot:5    | Noticed an orb of fire
 93066 | Zot:5    | Reached skill level 15 in Air Magic
 93069 | Zot:5    | Killed an orb of fire
 93083 | Zot:5    | Noticed an ancient lich
 93085 | Zot:5    | Killed an ancient lich
 93343 | Zot:5    | Noticed an orb of fire
 93344 | Zot:5    | Killed an orb of fire
 93465 | Zot:5    | Noticed an orb of fire
 93466 | Zot:5    | Gained mutation: You are clumsy. (Dex -2) [an orb of fire]
 93468 | Zot:5    | Killed an orb of fire
 93468 | Zot:5    | Noticed an orb of fire
 93471 | Zot:5    | Killed an orb of fire
 93913 | Pan      | Entered Pandemonium
 93946 | Pan      | Noticed Duapp the pandemonium lord
 93948 | Pan      | Gained mutation: You are dopey. (Int -2) [a cacodemon]
 93949 | Pan      | Killed Duapp the pandemonium lord
 93962 | Pan      | Found an exit through the horrors of the Abyss.
 94375 | Pan      | Found a runed translucent door.
 94776 | Pan      | Noticed Egedoup the pandemonium lord
 94780 | Pan      | Killed Egedoup the pandemonium lord
 94855 | Pan      | Identified the ring of Tuadea Qoyn {Ice rElec rPois Str+3}
 95264 | Pan      | Noticed Joehon the pandemonium lord
 95266 | Pan      | Killed Joehon the pandemonium lord
 96226 | Pan      | Noticed Xuva the pandemonium lord
 96231 | Pan      | Killed Xuva the pandemonium lord
 96255 | Pan      | Entered the realm of Mnoleg.
 96318 | Pan      | Gained mutation: You are very clumsy. (Dex -4) [a neqoxec]
 96377 | Pan      | Gained mutation: You are very dopey. (Int -4) [a cacodemon]
 96537 | Pan      | Lost mutation: You have an increased reservoir of magic.
                  | (+10% MP) [a cacodemon]
 96857 | Pan      | Got a glowing rune of Zot
 96858 | Pan      | Noticed Mnoleg
 96860 | Pan      | Killed Mnoleg
 96899 | Pan      | Gained mutation: Armour fits poorly on your strangely
                  | shaped body. [a neqoxec]
 97087 | Pan      | Found an exit through the horrors of the Abyss.
 97381 | Pan      | Identified the amulet of Rulidgh {rElec Regen+ Str+4}
 97866 | Pan      | Noticed Cuilus the pandemonium lord
 97870 | Pan      | Killed Cuilus the pandemonium lord
 98296 | Pan      | Noticed Yduom the pandemonium lord
 98298 | Pan      | Killed Yduom the pandemonium lord
 98305 | Pan      | Gained mutation: You possess an exceptional clarity of
                  | mind. [a cacodemon]
 99053 | Pan      | Noticed Nor Fakh the pandemonium lord
 99054 | Pan      | Killed Nor Fakh the pandemonium lord
 99075 | Pan      | Found a runed translucent door.
 99091 | Pan      | Got a demonic rune of Zot
 99709 | Pan      | Noticed Jynidgh the pandemonium lord
 99714 | Pan      | Killed Jynidgh the pandemonium lord
 99954 | Pan      | Noticed a seraph
 99959 | Pan      | Killed a seraph
 99968 | Pan      | Found a glowing golden altar of the Shining One.
 99983 | Pan      | Got a twitching lead ring
 99984 | Pan      | Identified the ring "Othasuno" {Fire +Blink rElec Str+6}
                  | (You found it in Pandemonium)
 99986 | Pan      | Identified the Handbook of the Tarantula
 99989 | Pan      | Got a faintly glowing tin ring
 99990 | Pan      | Identified the ring "Exzo" {rElec rPois Str+2 Dex+2} (You
                  | found it in Pandemonium)
 99995 | Pan      | Identified the +2 pair of gloves "Nopuc" {Dex+3 SInv} (You
                  | found it in Pandemonium)
101308 | Pan      | Found a white marble altar of Elyvilon.
101764 | Pan      | Found a glowing silver altar of Zin.
102681 | Pan      | Entered the realm of Lom Lobon.
103001 | Pan      | Noticed Lom Lobon
103007 | Pan      | Killed Lom Lobon
103024 | Pan      | Got a magical rune of Zot
103053 | Pan      | Found an exit through the horrors of the Abyss.
103126 | Pan      | Entered the realm of Gloorx Vloq.
103171 | Pan      | Reached skill level 27 in Air Magic
103173 | Pan      | Noticed Gloorx Vloq
103182 | Pan      | Killed Gloorx Vloq
103190 | Pan      | Got a dark rune of Zot
103383 | Pan      | Entered the realm of Cerebov.
103450 | Pan      | Identified the +6 sword of Cerebov {flame}
103450 | Pan      | Noticed Cerebov
103459 | Pan      | Killed Cerebov
103479 | Pan      | Got a fiery rune of Zot
103566 | Pan      | Got a scorched turquoise ring
103567 | Pan      | Identified the cursed ring of Absolutism {rF+ AC-4} (You
                  | found it in Pandemonium)
103630 | Pan      | Got a flickering turquoise ring
103631 | Pan      | Identified the ring "Dusis" {+Fly rPois MR- SInv Stlth-}
                  | (You found it in Pandemonium)
103633 | Pan      | Acquired 657 gold pieces
104027 | Pan      | Found an exit through the horrors of the Abyss.
104054 | Pan      | Noticed Leseah the pandemonium lord
104061 | Pan      | Killed Leseah the pandemonium lord
104074 | Depths:4 | Escaped Pandemonium
104174 | Zig:1    | Entered Level 1 of a ziggurat
104174 | Zig:1    | Noticed Riackam the pandemonium lord
104176 | Zig:1    | Killed Riackam the pandemonium lord
104188 | Zig:2    | Entered Level 2 of a ziggurat
104208 | Zig:3    | Entered Level 3 of a ziggurat
104326 | Zig:3    | Got a sparkling granite ring
104327 | Zig:3    | Identified the cursed ring of Xabup {rElec Str-4} (You
                  | found it on level 3 of a ziggurat)
104337 | Zig:4    | Entered Level 4 of a ziggurat
104359 | Zig:5    | Entered Level 5 of a ziggurat
104359 | Zig:5    | Noticed Hookk the pandemonium lord
104360 | Zig:5    | Killed Hookk the pandemonium lord
104409 | Zig:6    | Entered Level 6 of a ziggurat
104413 | Zig:6    | Noticed an ancient lich
104413 | Zig:6    | Noticed an ancient lich
104415 | Zig:6    | Killed an ancient lich
104415 | Zig:6    | Killed an ancient lich
104481 | Zig:6    | Got an ancient pewter ring
104482 | Zig:6    | Identified the ring "Xudopp" {Wiz Dex+3 Slay-5} (You found
                  | it on level 6 of a ziggurat)
104487 | Zig:7    | Entered Level 7 of a ziggurat
104490 | Zig:7    | Noticed Tadeim the pandemonium lord
104491 | Zig:7    | Noticed Uthrad the pandemonium lord
104491 | Zig:7    | Noticed Xaiplay the pandemonium lord
104492 | Zig:7    | Killed Uthrad the pandemonium lord
104493 | Zig:7    | Killed Xaiplay the pandemonium lord
104493 | Zig:7    | Killed Heiven the pandemonium lord
104496 | Zig:7    | Killed Tadeim the pandemonium lord
104497 | Zig:7    | Reached skill level 15 in Armour
104536 | Zig:8    | Entered Level 8 of a ziggurat
104690 | Zig:8    | Lost mutation: You are very dopey. (Int -4) [potion of
                  | mutation]
104690 | Zig:8    | Lost mutation: You possess an exceptional clarity of mind.
                  | [potion of mutation]
104690 | Zig:8    | Lost mutation: Armour fits poorly on your strangely shaped
                  | body. [potion of mutation]
104690 | Zig:8    | Gained mutation: You have sharp toenails. [potion of
                  | mutation]
104690 | Zig:8    | Lost mutation: You are dopey. (Int -2) [potion of mutation]
104690 | Zig:8    | Gained mutation: Your spells are a little easier to cast,
                  | but a little less powerful. [potion of mutation]
104690 | Zig:8    | Gained mutation: You are partially covered in yellow
                  | scales. (AC +2) [potion of mutation]
104692 | Zig:8    | Lost mutation: You are very clumsy. (Dex -4) [potion of
                  | mutation]
104692 | Zig:8    | Lost mutation: Your movements are slightly less encumbered
                  | by armour. (ER -2) [potion of mutation]
104692 | Zig:8    | Lost mutation: You are partially covered in yellow scales.
                  | (AC +2) [potion of mutation]
104692 | Zig:8    | Lost mutation: Your body sometimes deteriorates upon taking
                  | damage. [potion of mutation]
104692 | Zig:8    | Gained mutation: You are partially covered in iridescent
                  | scales. (AC +2) [potion of mutation]
104692 | Zig:8    | Gained mutation: Your flesh is cold resistant. (rC+)
                  | [potion of mutation]
104693 | Zig:8    | Lost mutation: You have sharp toenails. [potion of
                  | mutation]
104693 | Zig:8    | Lost mutation: You are clumsy. (Dex -2) [potion of
                  | mutation]
104693 | Zig:8    | Gained mutation: You have a pair of small horns on your
                  | head. [potion of mutation]
104693 | Zig:8    | Lost mutation: You are partially covered in iridescent
                  | scales. (AC +2) [potion of mutation]
104693 | Zig:8    | Gained mutation: You evolve. [potion of mutation]
104694 | Zig:8    | Lost mutation: You have a pair of small horns on your head.
                  | [potion of mutation]
104694 | Zig:8    | Gained mutation: Your body sometimes deteriorates upon
                  | taking damage. [potion of mutation]
104694 | Zig:8    | Gained mutation: You rapidly evolve. [potion of mutation]
104694 | Zig:8    | Gained mutation: You heal very quickly. [potion of
                  | mutation]
104696 | Zig:8    | Lost mutation: Your body sometimes deteriorates upon taking
                  | damage. [potion of mutation]
104696 | Zig:8    | Lost mutation: You heal very quickly. [potion of mutation]
104696 | Zig:8    | Gained mutation: You are agile. (Dex +2) [potion of
                  | mutation]
104696 | Zig:8    | Gained mutation: You are robust. (+10% HP) [potion of
                  | mutation]
104696 | Zig:8    | Lost mutation: You are robust. (+10% HP) [potion of
                  | mutation]
104696 | Zig:8    | Gained mutation: You expend magic power (3 MP) to
                  | strengthen your wands. [potion of mutation]
104697 | Zig:8    | Lost mutation: You rapidly evolve. [potion of mutation]
104697 | Zig:8    | Lost mutation: Your flesh is cold resistant. (rC+) [potion
                  | of mutation]
104697 | Zig:8    | Gained mutation: Your flesh is heat resistant. (rF+)
                  | [potion of mutation]
104697 | Zig:8    | Gained mutation: Your muscles are strong. (Str +2) [potion
                  | of mutation]
104697 | Zig:8    | Gained mutation: You are frail. (-10% HP) [potion of
                  | mutation]
104697 | Zig:8    | Gained mutation: You have a beak for a mouth. [potion of
                  | mutation]
104698 | Zig:8    | Lost mutation: You have a beak for a mouth. [potion of
                  | mutation]
104698 | Zig:8    | Lost mutation: You are frail. (-10% HP) [potion of
                  | mutation]
104698 | Zig:8    | Lost mutation: Your flesh is heat resistant. (rF+) [potion
                  | of mutation]
104698 | Zig:8    | Gained mutation: You possess an exceptional clarity of
                  | mind. [potion of mutation]
104698 | Zig:8    | Gained mutation: You are partially covered in yellow
                  | scales. (AC +2) [potion of mutation]
104699 | Zig:8    | Lost mutation: You are agile. (Dex +2) [potion of mutation]
104699 | Zig:8    | Lost mutation: Your spells are a little easier to cast, but
                  | a little less powerful. [potion of mutation]
104699 | Zig:8    | Lost mutation: Your muscles are strong. (Str +2) [potion of
                  | mutation]
104699 | Zig:8    | Lost mutation: You expend magic power (3 MP) to strengthen
                  | your wands. [potion of mutation]
104699 | Zig:8    | Gained mutation: You have sharp toenails. [potion of
                  | mutation]
104707 | Zig:9    | Entered Level 9 of a ziggurat
104714 | Zig:9    | Found the +3 sling "Punk" {acid, rCorr}
104721 | Zig:9    | Found the +9 heavy crossbow "Sniper" {vorpal, Acc+∞ SInv}
104773 | Zig:9    | Identified the Handbook of Evil Confrontation
104782 | Zig:10   | Entered Level 10 of a ziggurat
104791 | Zig:10   | Found the +8 orange crystal plate armour {Archmagi, Int+3
                  | Clar}
104793 | Zig:10   | Reached skill level 27 in Earth Magic
104795 | Zig:10   | Gained mutation: You are occasionally teleported next to
                  | monsters. [a shining eye]
104799 | Zig:10   | Lost mutation: You possess an exceptional clarity of mind.
                  | [potion of mutation]
104799 | Zig:10   | Lost mutation: You evolve. [potion of mutation]
104799 | Zig:10   | Gained mutation: You are dopey. (Int -2) [potion of
                  | mutation]
104799 | Zig:10   | Gained mutation: You can translocate small distances at
                  | will. [potion of mutation]
104800 | Zig:10   | Lost mutation: You have sharp toenails. [potion of
                  | mutation]
104800 | Zig:10   | Lost mutation: You are dopey. (Int -2) [potion of mutation]
104800 | Zig:10   | Gained mutation: You are partially covered in molten
                  | scales. (AC +2) [potion of mutation]
104800 | Zig:10   | Gained mutation: You expend magic power (3 MP) to
                  | strengthen your wands. [potion of mutation]
104801 | Zig:10   | Lost mutation: You are occasionally teleported next to
                  | monsters. [potion of mutation]
104801 | Zig:10   | Lost mutation: You expend magic power (3 MP) to strengthen
                  | your wands. [potion of mutation]
104801 | Zig:10   | Gained mutation: You are weak. (Str -2) [potion of
                  | mutation]
104801 | Zig:10   | Gained mutation: You are partially covered in rugged brown
                  | scales. (AC +1, +3% HP) [potion of mutation]
104843 | Zig:11   | Entered Level 11 of a ziggurat
104979 | Zig:12   | Entered Level 12 of a ziggurat
105142 | Zig:12   | Identified the Catalogue of Transformation and the Glacier
105147 | Zig:13   | Entered Level 13 of a ziggurat
105152 | Zig:13   | Noticed an ancient lich
105157 | Zig:13   | Killed an ancient lich
105161 | Zig:13   | Noticed an ancient lich
105166 | Zig:13   | Killed an ancient lich
105177 | Zig:13   | Identified the Handbook of the Glacier and Earth
105232 | Zig:14   | Entered Level 14 of a ziggurat
105246 | Zig:14   | Reached skill level 27 in Ice Magic
105338 | Zig:14   | Found the +3 salamander hide armour {Flames rF++ rC--}
105339 | Zig:14   | Found the +8 mithril axe "Arga" {speed, MR+}
105339 | Zig:14   | Found the +8 demon trident "Rift" {distort, reach+}
105340 | Zig:14   | Found the +4 robe of Augmentation {Str+4 Int+4 Dex+4}
105370 | Zig:14   | Acquired 1099 gold pieces
105388 | Zig:14   | Identified the +8 great mace "Bypilud" {vamp, Dex+5} (You
                  | found it on level 14 of a ziggurat)
105405 | Zig:14   | Got a pitted emerald amulet
105406 | Zig:14   | Identified the amulet "Rakonate" {Regen+ Str+2} (You found
                  | it on level 14 of a ziggurat)
105428 | Zig:15   | Entered Level 15 of a ziggurat
105553 | Zig:16   | Entered Level 16 of a ziggurat
105639 | Zig:16   | Found the +2 ratskin cloak {*Rats rPois rN+ Str-1 Int-1
                  | Dex+1}
105676 | Zig:17   | Entered Level 17 of a ziggurat
105717 | Zig:17   | Reached skill level 27 in Armour
105738 | Zig:17   | Found the +3 pair of gauntlets of War {Slay+5}
105754 | Zig:17   | Identified the Handbook of Earthen Dark Magic
105777 | Zig:17   | Got a flickering brass ring
105778 | Zig:17   | Identified the ring "Maduw" {+Fly Str+8} (You found it on
                  | level 17 of a ziggurat)
105782 | Zig:17   | Got a serpentine bone amulet
105783 | Zig:17   | Identified the amulet "Tuecic" {Spirit rPois Str+4} (You
                  | found it on level 17 of a ziggurat)
105811 | Zig:18   | Entered Level 18 of a ziggurat
105894 | Zig:18   | Found the +7 Kryia's mail coat {PotionHeal*2 rC+}
105907 | Zig:18   | Identified the +1 helmet "Samusi" {Harm rElec Int-5 SInv}
                  | (You found it on level 18 of a ziggurat)
105910 | Zig:18   | Got a wavering golden ring
105911 | Zig:18   | Identified the cursed ring of Luala {rPois rN+++ AC-4
                  | Int-5} (You found it on level 18 of a ziggurat)
105913 | Zig:18   | Identified the Tome of the Dark Traveller
105916 | Zig:18   | Identified the Compendium of Ashen Conjuration
105920 | Zig:18   | Identified Sif Muna's Tome of Poisoning and Arcane Weapons
105927 | Zig:18   | Got a scintillating tin amulet
105928 | Zig:18   | Identified the amulet of Sin {Reflect Slay+2 SH+5 Stlth+}
                  | (You found it on level 18 of a ziggurat)
105933 | Zig:18   | Acquired 799 gold pieces
105947 | Zig:18   | Got a clouded amber ring
105948 | Zig:18   | Identified the ring "Setipp" {rElec rPois MP+9 Int-3
                  | Stlth+} (You found it on level 18 of a ziggurat)
105959 | Zig:19   | Entered Level 19 of a ziggurat
105977 | Zig:19   | Reached skill level 15 in Transmutations
106001 | Zig:19   | Acquired 760 gold pieces
106002 | Zig:19   | Acquired 1223 gold pieces
106030 | Zig:19   | Got a warped wooden ring
106031 | Zig:19   | Identified the ring of Fovazege {rElec rC+ rN+ MR+ Stlth-}
                  | (You found it on level 19 of a ziggurat)
106056 | Zig:20   | Entered Level 20 of a ziggurat
106168 | Zig:20   | Identified the cursed +0 robe of the Lost Path {Rampage
                  | *Corrode Regen+} (You found it on level 20 of a ziggurat)
106175 | Zig:20   | Identified Zudul's Grimoire of the Entourage and
                  | Confrontation
106181 | Zig:20   | Identified Sif Muna's Disquisition on Arcane Weapons and
                  | Flight
106209 | Zig:21   | Entered Level 21 of a ziggurat
106227 | Zig:21   | Noticed an ancient lich
106229 | Zig:21   | Killed an ancient lich
106233 | Zig:21   | Noticed an ancient lich
106235 | Zig:21   | Killed an ancient lich
106316 | Zig:21   | Identified the +0 robe of the Eight Olives {*Contam rN+
                  | SInv} (You found it on level 21 of a ziggurat)
106319 | Zig:21   | Identified the +1 robe "Rewem" {rElec rN+ Int+3 Dex+4} (You
                  | found it on level 21 of a ziggurat)
106354 | Zig:22   | Entered Level 22 of a ziggurat
106577 | Zig:22   | Identified the cursed +0 pair of boots "Wuosa" {rN++ rCorr
                  | Int-5} (You found it on level 22 of a ziggurat)
106602 | Zig:23   | Entered Level 23 of a ziggurat
106739 | Zig:23   | Identified the cursed +0 robe "Nizxer" {rElec rC+ rCorr}
                  | (You found it on level 23 of a ziggurat)
106748 | Zig:23   | Identified the Papyrus of the Oath
106754 | Zig:23   | Identified Essaniun's Catalogue of Arcane Weapons
106773 | Zig:23   | Learned a level 6 spell: Invisibility
106782 | Zig:24   | Entered Level 24 of a ziggurat
106947 | Zig:24   | Identified the Papyrus of Displaced Poisoning
106963 | Zig:25   | Entered Level 25 of a ziggurat
106980 | Zig:25   | Noticed an ancient lich
106980 | Zig:25   | Noticed an ancient lich
106980 | Zig:25   | Noticed an ancient lich
106982 | Zig:25   | Noticed an ancient lich
106984 | Zig:25   | Killed an ancient lich
106984 | Zig:25   | Killed an ancient lich
106984 | Zig:25   | Killed an ancient lich
106984 | Zig:25   | Killed an ancient lich
106985 | Zig:25   | Noticed an ancient lich
106987 | Zig:25   | Killed an ancient lich
106987 | Zig:25   | Noticed an ancient lich
106989 | Zig:25   | Killed an ancient lich
106990 | Zig:25   | Noticed an ancient lich
106990 | Zig:25   | Noticed an ancient lich
106991 | Zig:25   | Killed an ancient lich
106991 | Zig:25   | Reached skill level 27 in Necromancy
106994 | Zig:25   | Killed an ancient lich
107000 | Zig:25   | Found the -2 hat of the Alchemist {rElec rPois rF+ rC+ rN+
                  | MR+ rMut rCorr}
107003 | Zig:25   | Found the cursed +14 obsidian axe {vorpal, +Fly SInv
                  | *Curse}
107053 | Zig:25   | Identified Hodao's Compendium of Frigorific Dark Secrets
107063 | Zig:25   | Acquired a manual of Transmutations
107077 | Zig:25   | Identified the Collected Works on Mutagenic Unholy Rituals
107081 | Zig:26   | Entered Level 26 of a ziggurat
107184 | Zig:26   | Cast into level 2 of the Abyss (merfolk impaler)
107201 | Zig:26   | Escaped the Abyss
107321 | Zig:26   | Found the +6 arbalest "Damnation" {damnation}
107322 | Zig:26   | Found the +2 hood of the Assassin {Detection Stab+ Stlth++}
107323 | Zig:26   | Found the +9 scales of the Dragon King {rPois rF+ rC+ MR+}
107340 | Zig:26   | Got a transparent silver ring
107341 | Zig:26   | Identified the ring "Ejudoe" {rF+ EV+4 Int+4 Stlth-} (You
                  | found it on level 26 of a ziggurat)
107348 | Zig:26   | Identified the Papyrus of Freezing Displacement
107383 | Zig:26   | Identified the Collected Works on Air
107393 | Zig:26   | Got a smoking jade ring
107394 | Zig:26   | Identified the ring "Wiamivin" {Ice Dex+4 SInv} (You found
                  | it on level 26 of a ziggurat)
107689 | Zig:27   | Entered Level 27 of a ziggurat
107721 | Zig:27   | Reached skill level 27 in Transmutations
107724 | Zig:27   | Reached skill level 1 in Hexes
107726 | Zig:27   | Reached skill level 5 in Hexes
107767 | Zig:27   | Found the +8 frozen axe "Frostbite" {freezing cloud, *Noise
                  | +Fly rC+}
107773 | Zig:27   | Identified the Papyrus of Virous Dislocation
107781 | Zig:27   | Identified the Papyrus of Feathers and Execration
107785 | Zig:27   | Identified the cursed +0 leather armour of Quantum Leap
                  | {Rampage rF- rN+ rCorr} (You found it on level 27 of a
                  | ziggurat)
107800 | Zig:27   | Got a translucent ivory ring
107801 | Zig:27   | Identified the ring "Wonwag Ramo" {rF+ rC- MP+9 Dex+8} (You
                  | found it on level 27 of a ziggurat)
107809 | Zig:27   | Identified Sumoyser's Compendium of Shifting Curses
107811 | Zig:27   | Identified the Volume of Flight and Combat Magic
107818 | Zig:27   | Identified Zotakus's Compendium of Earthen Intoxication
107827 | Zig:27   | Reached skill level 10 in Hexes
107869 | Zig:1    | Entered Level 1 of a ziggurat
107981 | Zig:2    | Entered Level 2 of a ziggurat
107988 | Zig:2    | Identified Kituad's Handbook of Air and Heat
107998 | Zig:3    | Entered Level 3 of a ziggurat
108028 | Zig:3    | Got a smoking lapis lazuli ring
108029 | Zig:3    | Identified the ring "Daasim" {Fire Int+3} (You found it on
                  | level 3 of a ziggurat)
108092 | Zig:4    | Entered Level 4 of a ziggurat
108185 | Zig:5    | Entered Level 5 of a ziggurat
108188 | Zig:5    | Noticed an ancient lich
108190 | Zig:5    | Reached skill level 15 in Hexes
108190 | Zig:5    | Killed an ancient lich
108191 | Zig:5    | Noticed an ancient lich
108196 | Zig:5    | Killed an ancient lich
108250 | Zig:5    | Identified the Grimoire of the Voyage and Transmutation
108268 | Zig:6    | Entered Level 6 of a ziggurat
108268 | Zig:6    | Noticed an orb of fire
108273 | Zig:6    | Killed an orb of fire
108276 | Zig:6    | Noticed an orb of fire
108277 | Zig:6    | Noticed an orb of fire
108280 | Zig:6    | Noticed an orb of fire
108281 | Zig:6    | Killed an orb of fire
108282 | Zig:6    | Killed an orb of fire
108283 | Zig:6    | Killed an orb of fire
108477 | Zig:6    | Identified the Tome of Burning Attacks
108496 | Zig:7    | Entered Level 7 of a ziggurat
108498 | Zig:7    | Noticed an orb of fire
108502 | Zig:7    | Killed an orb of fire
108502 | Zig:7    | Noticed an orb of fire
108503 | Zig:7    | Killed an orb of fire
108503 | Zig:7    | Noticed an orb of fire
108503 | Zig:7    | Noticed an orb of fire
108504 | Zig:7    | Killed an orb of fire
108507 | Zig:7    | Killed an orb of fire
108508 | Zig:7    | Killed an orb of fire
108571 | Zig:8    | Entered Level 8 of a ziggurat
108712 | Zig:9    | Entered Level 9 of a ziggurat
108714 | Zig:9    | Noticed an ancient lich
108715 | Zig:9    | Noticed an ancient lich
108715 | Zig:9    | Noticed an ancient lich
108718 | Zig:9    | Noticed an ancient lich
108720 | Zig:9    | Killed an ancient lich
108722 | Zig:9    | Killed an ancient lich
108722 | Zig:9    | Killed an ancient lich
108722 | Zig:9    | Killed an ancient lich
108809 | Zig:10   | Entered Level 10 of a ziggurat
108812 | Zig:10   | Noticed a greater mummy
108815 | Zig:10   | Noticed a greater mummy
108817 | Zig:10   | Killed a greater mummy
108817 | Zig:10   | Killed a greater mummy
108818 | Zig:10   | Noticed a greater mummy
108819 | Zig:10   | Noticed a greater mummy
108821 | Zig:10   | Noticed a greater mummy
108822 | Zig:10   | Killed a greater mummy
108823 | Zig:10   | Killed a greater mummy
108824 | Zig:10   | Killed a greater mummy
108846 | Zig:10   | Got a bound iron amulet
108847 | Zig:10   | Identified the amulet "Noogiemn" {Inacc rF+} (You found it
                  | on level 10 of a ziggurat)
108868 | Zig:10   | Identified the Guide on the Rocks and Evil Magic
108876 | Zig:10   | Got a vibrating glass ring
108877 | Zig:10   | Identified the ring of Citixki {rF++ Dex+3 Stlth+} (You
                  | found it on level 10 of a ziggurat)
108892 | Zig:11   | Entered Level 11 of a ziggurat
108961 | Zig:11   | Got a brightly glowing brass ring
108962 | Zig:11   | Identified the ring "Devesk" {rPois SInv} (You found it on
                  | level 11 of a ziggurat)
108980 | Zig:12   | Entered Level 12 of a ziggurat
109044 | Zig:12   | Identified the +0 helmet of Spring {*Slow Str+3 Int+3} (You
                  | found it on level 12 of a ziggurat)
109049 | Zig:12   | Identified The Advanced Guide to Spellcraft
109143 | Zig:13   | Entered Level 13 of a ziggurat
109280 | Zig:13   | Identified the +1 pair of gloves of the Sparrow {Harm rC+}
                  | (You found it on level 13 of a ziggurat)
109287 | Zig:14   | Entered Level 14 of a ziggurat
109335 | Zig:14   | Found the +8 lance "Wyrmbane" {slay drac, rPois rF+ rC+
                  | AC+3}
109382 | Zig:14   | Identified the Reference Book on the Compass
109403 | Zig:15   | Entered Level 15 of a ziggurat
109410 | Zig:15   | Noticed an ancient lich
109410 | Zig:15   | Noticed an ancient lich
109413 | Zig:15   | Reached skill level 27 in Hexes
109413 | Zig:15   | Reached skill level 1 in Polearms
109413 | Zig:15   | Reached skill level 5 in Polearms
109414 | Zig:15   | Killed an ancient lich
109414 | Zig:15   | Killed an ancient lich
109415 | Zig:15   | Noticed an ancient lich
109415 | Zig:15   | Killed an ancient lich
109416 | Zig:15   | Paralysed by a sphinx for 6 turns
109424 | Zig:15   | Reached skill level 10 in Polearms
109701 | Zig:15   | Identified Qean's Incunabulum of the Snowflakes and Calling
109732 | Zig:16   | Entered Level 16 of a ziggurat
109745 | Zig:16   | Noticed an ancient lich
109748 | Zig:16   | Noticed an ancient lich
109748 | Zig:16   | Noticed an ancient lich
109749 | Zig:16   | Noticed an ancient lich
109749 | Zig:16   | Killed an ancient lich
109750 | Zig:16   | Killed an ancient lich
109750 | Zig:16   | Killed an ancient lich
109750 | Zig:16   | Reached skill level 15 in Polearms
109750 | Zig:16   | Killed an ancient lich
109751 | Zig:16   | Noticed an ancient lich
109751 | Zig:16   | Noticed an ancient lich
109754 | Zig:16   | Killed an ancient lich
109754 | Zig:16   | Killed an ancient lich
109808 | Zig:16   | Found the ring of the Octopus King
109835 | Zig:16   | Identified Sif Muna's Collected Works on the Captivating
                  | Mountains
109841 | Zig:16   | Acquired 579 gold pieces
109850 | Zig:16   | Got a ring of the Octopus King
109864 | Zig:16   | Identified Zydiulutif's Papyrus of Black Arts and Calling
109887 | Zig:17   | Entered Level 17 of a ziggurat
110000 | Zig:17   | Found the +18 shield of the Gong {rElec rN+ MR+ EV-5}
110041 | Zig:17   | Got a transparent silver amulet
110042 | Zig:17   | Identified the amulet "Yrant" {Reflect rF+ rN+ Str+9 Dex-2
                  | SH+5} (You found it on level 17 of a ziggurat)
110068 | Zig:18   | Entered Level 18 of a ziggurat
110079 | Zig:18   | Noticed an ancient lich
110081 | Zig:18   | Noticed an ancient lich
110081 | Zig:18   | Noticed an ancient lich
110082 | Zig:18   | Killed an ancient lich
110083 | Zig:18   | Killed an ancient lich
110083 | Zig:18   | Killed an ancient lich
110083 | Zig:18   | Noticed an ancient lich
110084 | Zig:18   | Killed an ancient lich
110085 | Zig:18   | Noticed an ancient lich
110086 | Zig:18   | Killed an ancient lich
110086 | Zig:18   | Noticed an ancient lich
110087 | Zig:18   | Noticed an ancient lich
110090 | Zig:18   | Noticed an ancient lich
110091 | Zig:18   | Killed an ancient lich
110091 | Zig:18   | Killed an ancient lich
110091 | Zig:18   | Noticed an ancient lich
110091 | Zig:18   | Noticed an ancient lich
110092 | Zig:18   | Killed an ancient lich
110093 | Zig:18   | Killed an ancient lich
110095 | Zig:18   | Killed an ancient lich
110324 | Zig:18   | Identified Tatats's Compendium of Mutagenic Confrontation
110326 | Zig:18   | Identified Diponn's Almanac of Burning Shape Shifting
110332 | Zig:18   | Identified Sif Muna's Compendium of the Rocks and Creation
110335 | Zig:18   | Got a pitted brass ring
110336 | Zig:18   | Identified the ring "Jul Ler" {Ice rN+ MP-9 Str+2} (You
                  | found it on level 18 of a ziggurat)
110342 | Zig:18   | Got a pitted silver ring
110343 | Zig:18   | Identified the ring "Zeusoxug" {+Fly Slay+4} (You found it
                  | on level 18 of a ziggurat)
110352 | Zig:19   | Entered Level 19 of a ziggurat
110372 | Zig:19   | Found the +0 pair of fencer's gloves {Riposte Dex+3}
110414 | Zig:19   | Identified Kuplucso's Papyrus of Spatial Flight
110422 | Zig:19   | Identified Sif Muna's Catalogue of Bewitching Calling
110443 | Zig:20   | Entered Level 20 of a ziggurat
110453 | Zig:20   | Noticed Rotwopom's ghost (legendary NaVM)
110454 | Zig:20   | Noticed Xiorchab's ghost (legendary VSFi)
110456 | Zig:20   | Noticed Kiburo's ghost (legendary GrEE)
110456 | Zig:20   | Noticed qipq's ghost (legendary FeFi)
110456 | Zig:20   | Noticed Arvaildir's ghost (legendary GrEE)
110456 | Zig:20   | Noticed Xootouk's ghost (master SpEn)
110456 | Zig:20   | Noticed Erhaimih's ghost (legendary DDNe)
110456 | Zig:20   | Noticed Ygonacw's ghost (legendary GrEE)
110456 | Zig:20   | Noticed Umoqal's ghost (legendary DEEE)
110456 | Zig:20   | Noticed Umoqal's ghost (legendary DEEE)
110456 | Zig:20   | Noticed Gyofeun's ghost (legendary FoFi)
110456 | Zig:20   | Noticed Cygay's ghost (legendary GrEE)
110456 | Zig:20   | Noticed Dokilyhu's ghost (legendary DrWn)
110456 | Zig:20   | Noticed Tieschogg's ghost (legendary DsFi)
110456 | Zig:20   | Noticed Xootouk's ghost (master SpEn)
110456 | Zig:20   | Noticed Gishoal's ghost (legendary KoBr)
110456 | Zig:20   | Noticed Ihoic's ghost (legendary SpEn)
110456 | Zig:20   | Noticed Gyofeun's ghost (legendary FoFi)
110456 | Zig:20   | Noticed Erhaimih's ghost (legendary DDNe)
110456 | Zig:20   | Noticed brujo666's ghost (legendary DsFi)
110456 | Zig:20   | Noticed Saonuxt's ghost (legendary DsFi)
110457 | Zig:20   | Killed Xootouk's ghost
110457 | Zig:20   | Killed qipq's ghost
110457 | Zig:20   | Killed Xootouk's ghost
110457 | Zig:20   | Noticed Ijustatesigmund's ghost (legendary HaHu)
110458 | Zig:20   | Noticed fritzmikael's ghost (legendary MiAr)
110458 | Zig:20   | Noticed Ereufydu's ghost (legendary VSGl)
110458 | Zig:20   | Noticed Poybuibi's ghost (veteran MiMo)
110459 | Zig:20   | Killed Cygay's ghost
110461 | Zig:20   | Reached skill level 27 in Polearms
110461 | Zig:20   | Reached skill level 1 in Staves
110462 | Zig:20   | Noticed Gyofeun's ghost (legendary FoFi)
110463 | Zig:20   | Killed Ihoic's ghost
110463 | Zig:20   | Reached skill level 5 in Staves
110463 | Zig:20   | Killed Kiburo's ghost
110463 | Zig:20   | Killed Ygonacw's ghost
110466 | Zig:21   | Entered Level 21 of a ziggurat
110495 | Zig:21   | Reached skill level 10 in Staves
110503 | Zig:21   | Reached skill level 1 in Unarmed Combat
110503 | Zig:21   | Reached skill level 1 in Throwing
110509 | Zig:21   | Reached skill level 5 in Unarmed Combat
110510 | Zig:21   | Reached skill level 5 in Throwing
110605 | Zig:21   | Got a warped amber ring
110606 | Zig:21   | Identified the ring of the Black Skies {MR+ Str+4} (You
                  | found it on level 21 of a ziggurat)
110616 | Zig:21   | Reached skill level 10 in Unarmed Combat
110620 | Zig:21   | Got a crude silver ring
110621 | Zig:21   | Identified the ring "Umues" {rC+ MR+++ Dex-3 SInv Stlth+}
                  | (You found it on level 21 of a ziggurat)
110623 | Zig:21   | Identified the Catalogue of Frigorific Summoning
110655 | Zig:22   | Entered Level 22 of a ziggurat
110669 | Zig:22   | Reached skill level 10 in Throwing
110691 | Zig:22   | Found the +3 robe of Clouds {+Thunder rCloud rElec}
110853 | Zig:23   | Entered Level 23 of a ziggurat
110861 | Zig:23   | Noticed an orb of fire
110863 | Zig:23   | Noticed an orb of fire
110865 | Zig:23   | Noticed an orb of fire
110865 | Zig:23   | Noticed an orb of fire
110866 | Zig:23   | Noticed an orb of fire
110866 | Zig:23   | Noticed an orb of fire
110866 | Zig:23   | Noticed an orb of fire
110866 | Zig:23   | Noticed an orb of fire
110866 | Zig:23   | Noticed an orb of fire
110866 | Zig:23   | Noticed an orb of fire
110866 | Zig:23   | Noticed an orb of fire
110867 | Zig:23   | Noticed an orb of fire
110867 | Zig:23   | Noticed an orb of fire
110867 | Zig:23   | Noticed an orb of fire
110867 | Zig:23   | Noticed an orb of fire
110867 | Zig:23   | Noticed an orb of fire
110867 | Zig:23   | Noticed an orb of fire
110867 | Zig:23   | Noticed an orb of fire
110867 | Zig:23   | Noticed an orb of fire
110867 | Zig:23   | Noticed an orb of fire
110867 | Zig:23   | Noticed an orb of fire
110867 | Zig:23   | Noticed an orb of fire
110867 | Zig:23   | Noticed an orb of fire
110867 | Zig:23   | Noticed an orb of fire
110867 | Zig:23   | Lost mutation: Your natural rate of healing is unusually
                  | fast. [an orb of fire]
110869 | Zig:23   | Noticed an orb of fire
110870 | Zig:23   | Found the +5 demon whip "Spellbinder" {antimagic, MR+}
110870 | Zig:23   | Reached skill level 15 in Unarmed Combat
110872 | Zig:23   | Noticed an orb of fire
110872 | Zig:23   | Noticed an orb of fire
110872 | Zig:23   | Noticed an orb of fire
110872 | Zig:23   | Noticed an orb of fire
110872 | Zig:23   | Noticed an orb of fire
110874 | Zig:23   | Killed an orb of fire
110874 | Zig:23   | Gained mutation: You occasionally shout uncontrollably at
                  | your foes. [an orb of fire]
110874 | Zig:23   | Gained mutation: You are very weak. (Str -4) [an orb of
                  | fire]
110876 | Zig:23   | Gained mutation: You are occasionally teleported next to
                  | monsters. [an orb of fire]
110877 | Zig:23   | Killed an orb of fire
110877 | Zig:23   | Reached skill level 15 in Throwing
110877 | Zig:23   | Killed an orb of fire
110877 | Zig:23   | Killed an orb of fire
110877 | Zig:23   | Killed an orb of fire
110877 | Zig:23   | Gained mutation: Your body sometimes deteriorates upon
                  | taking damage. [an orb of fire]
110878 | Zig:23   | Killed an orb of fire
110878 | Zig:23   | Killed an orb of fire
110878 | Zig:23   | Killed an orb of fire
110878 | Zig:23   | Killed an orb of fire
110878 | Zig:23   | Killed an orb of fire
110878 | Zig:23   | Killed an orb of fire
110878 | Zig:23   | Killed an orb of fire
110878 | Zig:23   | Killed an orb of fire
110878 | Zig:23   | Killed an orb of fire
110878 | Zig:23   | Killed an orb of fire
110878 | Zig:23   | Gained mutation: You sometimes yell uncontrollably at your
                  | foes. [an orb of fire]
110879 | Zig:23   | Killed an orb of fire
110879 | Zig:23   | Killed an orb of fire
110879 | Zig:23   | Killed an orb of fire
110879 | Zig:23   | Killed an orb of fire
110879 | Zig:23   | Killed an orb of fire
110879 | Zig:23   | Killed an orb of fire
110879 | Zig:23   | Killed an orb of fire
110879 | Zig:23   | Killed an orb of fire
110879 | Zig:23   | Gained mutation: Armour fits poorly on your strangely
                  | shaped body. [an orb of fire]
110879 | Zig:23   | Gained mutation: You are clumsy. (Dex -2) [an orb of fire]
110880 | Zig:23   | Killed an orb of fire
110881 | Zig:23   | Killed an orb of fire
110881 | Zig:23   | Killed an orb of fire
110881 | Zig:23   | Gained mutation: You do not regenerate when monsters are
                  | visible. [an orb of fire]
110882 | Zig:24   | Entered Level 24 of a ziggurat
110937 | Zig:24   | Noticed an ancient lich
110938 | Zig:24   | Killed an ancient lich
110944 | Zig:24   | Noticed an ancient lich
110944 | Zig:24   | Noticed an ancient lich
110945 | Zig:24   | Noticed an ancient lich
110946 | Zig:24   | Killed an ancient lich
110946 | Zig:24   | Killed an ancient lich
110946 | Zig:24   | Killed an ancient lich
110947 | Zig:24   | Noticed an ancient lich
110947 | Zig:24   | Noticed an ancient lich
110947 | Zig:24   | Noticed an ancient lich
110947 | Zig:24   | Noticed an ancient lich
110948 | Zig:24   | Killed an ancient lich
110949 | Zig:24   | Killed an ancient lich
110949 | Zig:24   | Killed an ancient lich
110950 | Zig:24   | Killed an ancient lich
111197 | Zig:24   | Lost mutation: You are very weak. (Str -4) [potion of
                  | mutation]
111197 | Zig:24   | Lost mutation: Your body sometimes deteriorates upon taking
                  | damage. [potion of mutation]
111197 | Zig:24   | Gained mutation: You are frail. (-10% HP) [potion of
                  | mutation]
111197 | Zig:24   | Gained mutation: You have a pair of small horns on your
                  | head. [potion of mutation]
111200 | Zig:24   | Lost mutation: You sometimes yell uncontrollably at your
                  | foes. [potion of mutation]
111200 | Zig:24   | Lost mutation: You occasionally shout uncontrollably at
                  | your foes. [potion of mutation]
111200 | Zig:24   | Lost mutation: You are occasionally teleported next to
                  | monsters. [potion of mutation]
111200 | Zig:24   | Gained mutation: Your magical capacity is low. (-10% MP)
                  | [potion of mutation]
111200 | Zig:24   | Gained mutation: Your spells are a little harder to cast,
                  | but a little more powerful. [potion of mutation]
111201 | Zig:24   | Lost mutation: You do not regenerate when monsters are
                  | visible. [potion of mutation]
111201 | Zig:24   | Lost mutation: You are clumsy. (Dex -2) [potion of
                  | mutation]
111201 | Zig:24   | Lost mutation: Armour fits poorly on your strangely shaped
                  | body. [potion of mutation]
111201 | Zig:24   | Lost mutation: You are weak. (Str -2) [potion of mutation]
111201 | Zig:24   | Lost mutation: Your magical capacity is low. (-10% MP)
                  | [potion of mutation]
111201 | Zig:24   | Gained mutation: You are agile. (Dex +2) [potion of
                  | mutation]
111220 | Zig:24   | Found the +8 glaive of the Guard {elec, +Rage AC+5 SInv}
111221 | Zig:24   | Found the +10 zealot's sword {holy, *Rage rN+ EV+3}
111232 | Zig:24   | Identified the Collected Works on the Dislocated Snowflakes
111235 | Zig:24   | Got a twitching emerald amulet
111236 | Zig:24   | Identified the amulet of Somif {rElec rF- rC+ Regen+ Int+4}
                  | (You found it on level 24 of a ziggurat)
111240 | Zig:24   | Got a brightly glowing copper ring
111241 | Zig:24   | Identified the ring "Gulaculli" {rF+ rC- MR+ Stlth+} (You
                  | found it on level 24 of a ziggurat)
111262 | Zig:24   | Got a vibrating lapis lazuli ring
111263 | Zig:24   | Identified the ring "Panud" {rF++ rC+ MR- rCorr MP-9} (You
                  | found it on level 24 of a ziggurat)
111280 | Zig:25   | Entered Level 25 of a ziggurat
111301 | Zig:25   | Noticed an ancient lich
111301 | Zig:25   | Killed an ancient lich
111306 | Zig:25   | Noticed an ancient lich
111306 | Zig:25   | Noticed an ancient lich
111311 | Zig:25   | Killed an ancient lich
111312 | Zig:25   | Killed an ancient lich
111313 | Zig:25   | Noticed an ancient lich
111318 | Zig:25   | Killed an ancient lich
111532 | Zig:25   | Got a vibrating amethyst amulet
111533 | Zig:25   | Identified the amulet of Gasu {RegenMP +Inv Int+3} (You
                  | found it on level 25 of a ziggurat)
111560 | Zig:25   | Got a fine bronze ring
111561 | Zig:25   | Identified the ring "Xuimp" {Wiz Str-4 Int+4 Dex+3 SInv}
                  | (You found it on level 25 of a ziggurat)
111586 | Zig:25   | Got a twitching pewter ring
111587 | Zig:25   | Identified the ring "Kitza" {rPois MP+9 SInv} (You found it
                  | on level 25 of a ziggurat)
111600 | Zig:25   | Identified the Catalogue of Envenoming
111613 | Zig:25   | Identified Soobul's Almanac of Toxic Stolen Souls
111637 | Zig:26   | Entered Level 26 of a ziggurat
111946 | Zig:26   | Identified Mutiuf Houll's Handbook of Vitriolic Enchantment
111976 | Zig:26   | Got a shimmering copper ring
111979 | Zig:26   | Identified the Collected Works on Aerial Envenoming
111993 | Zig:27   | Entered Level 27 of a ziggurat
112013 | Zig:27   | Noticed a juggernaut
112013 | Zig:27   | Noticed a juggernaut
112014 | Zig:27   | Noticed a juggernaut
112015 | Zig:27   | Noticed a juggernaut
112015 | Zig:27   | Noticed a juggernaut
112016 | Zig:27   | Noticed a juggernaut
112017 | Zig:27   | Killed a juggernaut
112017 | Zig:27   | Killed a juggernaut
112017 | Zig:27   | Killed a juggernaut
112017 | Zig:27   | Noticed a juggernaut
112017 | Zig:27   | Noticed a juggernaut
112018 | Zig:27   | Killed a juggernaut
112018 | Zig:27   | Killed a juggernaut
112018 | Zig:27   | Noticed a juggernaut
112018 | Zig:27   | Noticed a juggernaut
112019 | Zig:27   | Killed a juggernaut
112019 | Zig:27   | Noticed a juggernaut
112020 | Zig:27   | Killed a juggernaut
112020 | Zig:27   | Killed a juggernaut
112021 | Zig:27   | Killed a juggernaut
112021 | Zig:27   | Killed a juggernaut
112022 | Zig:27   | Killed a juggernaut
112023 | Zig:27   | Noticed a juggernaut
112023 | Zig:27   | Noticed a juggernaut
112025 | Zig:27   | Noticed a juggernaut
112027 | Zig:27   | Killed a juggernaut
112027 | Zig:27   | Killed a juggernaut
112027 | Zig:27   | Reached skill level 27 in Unarmed Combat
112027 | Zig:27   | Killed a juggernaut
112070 | Zig:27   | Found the +10 morningstar "Eos" {elec, Halo rElec}
112151 | Zig:27   | Identified the ring "Ireon" {Ice rElec Str+2 Stlth-} (You
                  | found it on level 26 of a ziggurat)
112153 | Zig:27   | Identified the ring of Butchery {rCorr SInv} (You found it
                  | on level 27 of a ziggurat)
112179 | Zig:27   | Identified the Tome of the Frigorific Arsonist
112185 | Zig:27   | Got a faintly glowing turquoise ring
112186 | Zig:27   | Identified the ring "Tiroat" {+Fly rF+ Str+2 Dex+2} (You
                  | found it on level 27 of a ziggurat)
112225 | Zig:27   | Identified the Volume of Dusty Venom
112247 | Zig:27   | Reached skill level 27 in Throwing
112664 | Tomb:1   | Entered Level 1 of the Tomb of the Ancients
112684 | Tomb:1   | Noticed a greater mummy
112686 | Tomb:1   | Noticed a greater mummy
112688 | Tomb:1   | Killed a greater mummy
112689 | Tomb:1   | Killed a greater mummy
112702 | Tomb:1   | Noticed a greater mummy
112706 | Tomb:1   | Killed a greater mummy
112709 | Tomb:1   | Noticed a greater mummy
112713 | Tomb:1   | Killed a greater mummy
112749 | Tomb:1   | Noticed a greater mummy
112758 | Tomb:1   | Killed a greater mummy
112770 | Tomb:1   | Noticed a greater mummy
112780 | Tomb:1   | Killed a greater mummy
112852 | Tomb:1   | Noticed a greater mummy
112854 | Tomb:1   | Killed a greater mummy
113042 | Tomb:1   | Noticed a greater mummy
113043 | Tomb:1   | Killed a greater mummy
113045 | Tomb:1   | Noticed a greater mummy
113047 | Tomb:1   | Killed a greater mummy
113748 | Tomb:1   | Noticed a greater mummy
113750 | Tomb:1   | Killed a greater mummy
113912 | Tomb:2   | Noticed a greater mummy
113914 | Tomb:2   | Killed a greater mummy
113914 | Tomb:2   | Noticed a greater mummy
113917 | Tomb:2   | Killed a greater mummy
113924 | Tomb:2   | Noticed a greater mummy
113928 | Tomb:2   | Killed a greater mummy
113928 | Tomb:2   | Noticed an ancient lich
113930 | Tomb:2   | Killed an ancient lich
114598 | Tomb:3   | Entered Level 3 of the Tomb of the Ancients
114615 | Tomb:3   | Noticed a greater mummy
114616 | Tomb:3   | Killed a greater mummy
114616 | Tomb:3   | Noticed a greater mummy
114619 | Tomb:3   | Noticed a greater mummy
114620 | Tomb:3   | Killed a greater mummy
114621 | Tomb:3   | Noticed a greater mummy
114632 | Tomb:3   | HP: 3/185 [death scarab[a greater mummy] (18)]
114633 | Tomb:3   | Noticed a greater mummy
114633 | Tomb:3   | Noticed a greater mummy
114633 | Tomb:3   | Noticed a greater mummy
114633 | Tomb:3   | Noticed a greater mummy
114633 | Tomb:3   | Killed from afar by a greater mummy

Illustrated notes

Levels and vault maps discovered:
D:1:      scummos_arrival_hexagon, layout_loops_corners, nrook_campfire
D:2:      layout_loops_cross
D:3:      layout_rooms, lemuel_doored_altar, ashenzari_conservatory_becter,
          overflow_temple_1_default, chequers_ecumenical_altar_twisty,
          uniq_terence
D:4:      layout_layer_cave, uniq_blork_the_orc
D:5:      layout_gridville, overflow_temple_1_default, minmay_starry_boxes,
          uniq_eustachio
D:6:      layout_cave_pools, grunt_temple_overflow_open, uniq_pikel
D:7:      layout_loops_ring, nicolae_ru_the_path_less_chosen,
          minmay_temple_entry_drinking_statues, nrook_loot_triangle
D:8:      minmay_four_partial_circles, layout_rooms, grunt_qazlal_clouds,
          uniq_erica
D:9:      minmay_the_grid_square_5x5_4x4 [minmay_the_grid_square_5x5_shrine1,
          minmay_the_grid_square_5x5_longway, minmay_the_grid_square_5x5_tie,
          minmay_the_grid_square_5x5_forky,
          minmay_the_grid_square_5x5_three_walls,
          minmay_the_grid_square_5x5_prize_gold,
          minmay_the_grid_square_5x5_prize_snowflake,
          minmay_the_grid_square_5x5_detours,
          minmay_the_grid_square_5x5_checkered_sparse,
          minmay_the_grid_square_5x5_prize_waves,
          minmay_the_grid_square_5x5_prize_monsterx,
          minmay_the_grid_square_5x5_seven,
          minmay_the_grid_square_5x5_two_walls_a,
          minmay_the_grid_square_5x5_doubleslash,
          minmay_the_grid_square_5x5_eight, minmay_the_grid_square_5x5_n],
          layout_irregular_city
D:10:     hangedman_screamer, layout_irregular_city
D:11:     layout_cave_pods, david_lair_generic, zombieorc2_lemuel,
          uniq_josephine
D:12:     layout_layer_cave, portal_ice_cave_entry_pillars_2, drop_trap,
          billiards_dpeg
D:13:     layout_cave_pools, gauntlet_entry_generic, minmay_librarian
D:14:     layout_basic, david_vaults_3, kennysheep_doodads
D:15:     gammafunk_enter_depths_forms, layout_basic, minmay_strange_pillars
Temple:   nicolae_temple_no_exploring_needed
Lair:1:   layout_cave_shapes, minmay_hedge_maze, infiniplex_staircase_pool
Lair:2:   layout_chaotic_city, dummy_snake_entry
Lair:3:   lemuel_reptile_caves, layout_gridlike, swamp_mist_pool,
          eino_small_chamber_without_monster, serial_bayou_pond_a,
          lemuel_centaur_altar, uniq_gastronok, uniq_fannar
Lair:4:   cheibrodos_lair_overgrown_chateau, layout_hall_layers
Lair:5:   layout_hall_layers, slime_altar_1, uniq_sonja, uniq_nessos
Lair:6:   wormcave, layout_regular_city, hangedman_lair_tendril_chambers,
          gammafunk_ghost_wrathful_warriors, minivault_26,
          infiniplex_staircase_pool_2
Swamp:1:  layout_basic_swamp, gammafunk_ghost_cemetery, evilmike_swamp_ruin_wall
Swamp:2:  layout_basic_swamp, nicolae_swamp_little_tower
Swamp:3:  layout_basic_swamp, nicolae_swamp_feature_on_the_river_bank,
          swamp_pool1
Swamp:4:  swamp_old_school, layout_basic_swamp
Snake:1:  layout_concentric_octagons, serial_bayou_crossing
Snake:2:  layout_misc_corridors, serial_shops, shop, serial_bayou_shore_b,
          serial_bayou_shore_b, uniq_frances
Snake:3:  layout_honeycomb, uniq_louise
Snake:4:  minmay_snake_end_coiled, layout_misc_corridors, serial_shops,
          statue_bzr, serial_bayou_pond_d
Slime:1:  layout_caves
Slime:2:  layout_caves, basic_altar
Slime:3:  layout_caves
Slime:4:  layout_caves, nicolae_slime_barrier
Slime:5
Orc:1:    layout_caves
Orc:2:    st_orc_town, layout_caves, special_room, mines_bat_river
Elf:1:    minmay_elf_arrival_plus, layout_loops_cross, serial_shops,
          nicolae_shop_trees, minmay_elf_demonology, minmay_misc_feat_rows,
          hex_medium, minivault_15
Elf:2:    layout_geoelf_grid
Elf:3:    minmay_elf_hall_four_x, layout_geoelf_octagon
Vaults:1: nicolae_vaults_shelves_hall, nicolae_vaults_mini_display_case,
          nicolae_vaults_ninety_degrees, hangedman_vaults_maws, v_misc_32,
          nicolae_vaults_windows_and_doors_thing, vaults_mumra_hex,
          grunt_vaults_hallway_short, layout_vaults_omnigrid, serial_shops,
          nicolae_shop_waterfront, uniq_donald
Vaults:2: vaults_dpeg_doors, ontoclasm_vaults_claustrophobia,
          hangedman_vaults_capsules, hangedman_vaults_nails,
          ontoclasm_vaults_twist, ontoclasm_vaults_loading_screen,
          hangedman_vaults_stretched_pinwheel, hangedman_vaults_trim,
          vaults_mumra_minichess_inversion, v_rooms_3,
          ontoclasm_vaults_ring_small, ontoclasm_vaults_tryst,
          vaults_room_door_ring, vaults_room_door_ring, vaults_room_fours,
          nicolae_vaults_little_squares_3, layout_vaults_omnibox
Vaults:3: st_lattice, nicolae_vaults_shelves_hall,
          minmay_crypt_entry_simple_walls, v_misc_23,
          nicolae_vaults_network_periphery, v_misc_8,
          nicolae_vaults_little_squares_1, v_misc_33, v_misc_3,
          ontoclasm_vaults_decontamination, nicolae_vaults_little_squares_4,
          v_misc_3, layout_vaults_omnicross, serial_shops, shop, uniq_margery
Vaults:4: nicolae_vaults_theta, v_alt_pattern_3, vaults_dpeg_encased_lava,
          st_cross, v_misc_23, vaults_room_door_ring, nicolae_vaults_theta,
          layout_vaults_chaotic_city, serial_shops, shop
Vaults:5: serial_shops, uniq_sojobo
Crypt:1:  ragdoll_tomb_raider, layout_basic, uniq_khufu, uniq_mara
Crypt:2:  layout_gridlike, minmay_guarded_unrand_skullcrusher, uniq_saint_roka
Crypt:3:  grunt_crypt_end_deaths_head
Tomb:1
Tomb:2
Tomb:3
Depths:1: layout_basic, grunt_mini_vestibule, nemelex_xobeh_ov_fountains_minmay,
          uniq_aizul
Depths:2: gammafunk_jiyva_shrine, layout_gridlike, kennysheep_decorative_pillar,
          serial_shops, bzr_entry_dummy, pf_coc_iceberg, serial_bayou_shore_b,
          minmay_staircase_statues
Depths:3: hangedman_pleasuredromes, pan_entry, hell_entry
Depths:4: gammafunk_sealed_arena, layout_basic, enter_ziggurat_c,
          minmay_misc_feat_cross, abyss_entry, pan_entry, serial_shops,
          shop_statue, shop, nicolae_shop_crystal, shop, hell_entry,
          minmay_pinched_square, uniq_boris
Depths:5: evilmike_zot_entry_diamond, layout_gridlike, glass_columns_a,
          hell_entry, minmay_fractal_squares_diagonal_5
Zot:1:    layout_gridlike, ebering_ghost_inner_flame
Zot:2:    layout_misc_corridors
Zot:3:    layout_misc_corridors
Zot:4:    layout_misc_corridors, hangedman_zot_wheel_spokes
Zot:5:    layout_misc_corridors, drop_trap

Skill      XL: |  1  2  3  4  5  6  7  8  9 10 11 12 13 14 15 16 17 18 19 20 21 22 23 24 25 26 27 |
---------------+----------------------------------------------------------------------------------+-----
Earth Magic    | 4 5 6 7 8 9 10 11 12 13 14 15 16 17 18 19 20 27 | 27.0
Spellcasting   | 3 4 5 6 7 8 9 10 11 12 13 14 15 16 27 | 27.0
Conjurations   | 1 2 3 4 5 6 7 8 9 10 11 12 13 14 15 16 17 18 27 | 27.0
Fighting       | 2 3 5 6 7 9 10 11 12 13 14 15 16 17 27 | 27.0
Maces & Flails | 2 3 4 5 7 8 9 10 11 12 13 14 15 16 27 | 27.0
Armour         | 2 3 5 6 27 | 27.0
Dodging        | 2 3 4 5 6 7 8 10 11 12 13 14 15 27 | 27.0
Evocations     | 2 3 4 5 6 7 8 9 10 27 | 27.0
Ice Magic      | 2 27 | 27.0
Fire Magic     | 1 5 8 10 12 13 14 15 16 17 18 19 20 27 | 27.0
Transmutations | 27 | 27.0
Necromancy     | 27 | 27.0
Stealth        | 27 | 27.0
Air Magic      | 27 | 27.0
Hexes          | 27 | 27.0
Polearms       | 27 | 27.0
Staves         | 11 | 11.8
Unarmed Combat | 27 | 27.0
Throwing       | 27 | 27.0
Short Blades   | 3 |  3.1
Shields        | 7 |  7.5

Action                   |  1- 3 |  4- 6 |  7- 9 | 10-12 | 13-15 | 16-18 | 19-21 | 22-24 | 25-27 || total
-------------------------+-------+-------+-------+-------+-------+-------+-------+-------+-------++-------
Melee: Unarmed           |    57 |       |       |       |       |       |       |       |       ||    57
       Dagger            |    34 |   144 |   141 |   418 |   340 |       |       |       |       ||  1077
       Short sword       |     1 |     7 |       |       |       |       |       |       |       ||     8
       Flail             |       |       |       |   257 |       |       |       |       |       ||   257
       Mace              |       |       |       |       |    90 |   829 |   338 |   336 |   459 ||  2052
       Dire flail        |       |       |       |       |       |       |       |       |  1512 ||  1512
       Headbutt          |       |       |       |       |       |       |       |       |    30 ||    30
 Cast: Sandblast         |    26 |    36 |    79 |   161 |    15 |    21 |     2 |       |       ||   340
       Stone Arrow       |     1 |     3 |     5 |    31 |    49 |    16 |       |     2 |     2 ||   109
       Lee's Rapid Decon |       |       |     5 |    39 |    64 |    57 |    64 |    53 |    50 ||   332
       Fireball          |       |       |       |       |     2 |    75 |     8 |       |       ||    85
       Starburst         |       |       |       |       |       |    95 |     5 |     1 |       ||   101
       Bolt of Magma     |       |       |       |       |       |    44 |     9 |     1 |       ||    54
       Iron Shot         |       |       |       |       |       |   122 |   124 |   147 |   244 ||   637
       Ignition          |       |       |       |       |       |       |    61 |    30 |   390 ||   481
       Shatter           |       |       |       |       |       |       |       |    56 |  1089 ||  1145
       Absolute Zero     |       |       |       |       |       |       |       |       |   525 ||   525
       Fire Storm        |       |       |       |       |       |       |       |       |   278 ||   278
       Lehudib's Crystal |       |       |       |       |       |       |       |       |    65 ||    65
       Necromutation     |       |       |       |       |       |       |       |       |    28 ||    28
       Invisibility      |       |       |       |       |       |       |       |       |    11 ||    11
       Death's Door      |       |       |       |       |       |       |       |       |    10 ||    10
       Tornado           |       |       |       |       |       |       |       |       |     6 ||     6
 Abil: Fly               |       |       |       |       |     1 |     1 |       |       |     1 ||     3
       Stop Flying       |       |       |       |       |     1 |       |       |       |     1 ||     2
       End Transformatio |       |       |       |       |       |       |       |       |    16 ||    16
       Evoke Invisibilit |       |       |       |       |       |       |       |       |     2 ||     2
       Evoke Blink       |       |       |       |       |       |       |       |       |     1 ||     1
Evoke: Wand              |       |       |     2 |     5 |     4 |     1 |     2 |     4 |     3 ||    21
       Tin of tremorston |       |       |       |       |       |     6 |       |       |     5 ||    11
       Condenser vane    |       |       |       |       |       |     1 |     1 |     1 |    10 ||    13
       Lightning rod     |       |       |       |       |       |     2 |       |       |     3 ||     5
       Figurine of a zig |       |       |       |       |       |       |       |       |     5 ||     5
  Use: Scroll            |       |    11 |     2 |    13 |    22 |    16 |     9 |     2 |   229 ||   304
       Potion            |       |     1 |     1 |     2 |     5 |     4 |    10 |     7 |   134 ||   164
 Stab: Sleeping          |     3 |     3 |       |     3 |     2 |     1 |     2 |       |     3 ||    17
       Distracted        |       |       |       |     2 |       |       |       |       |    13 ||    15
       Invisible         |       |       |       |       |       |       |       |       |    12 ||    12
Armor: Robe              |    31 |    37 |    76 |   428 |   293 |   587 |   228 |   244 |  1940 ||  3864
Dodge: Dodged            |    63 |    68 |   122 |   579 |   452 |   928 |   406 |   337 |  3875 ||  6830

Table legend: (Time is in decaauts)
 A = Elapsed time spent in this place.
 B = Non-inter-level travel time spent in this place.
 C = Inter-level travel time spent in this place.
 D = Time resting spent in this place.
 E = Time spent auto-exploring this place.
 F = Levels seen in this place.
 G = Mean time per level.
                   A        B        C        D        E       F      G
               +--------+--------+--------+--------+--------+-----+--------+
         Total | 113485 | 107474 |   6011 |  29040 |  46418 | 231 |  491.3 |
       Dungeon |  19188 |  17486 |   1702 |   2726 |  10470 |  15 | 1279.2 |
        Temple |     15 |      8 |      7 |      0 |      0 |   1 |   15.0 |
          Lair |   7998 |   7218 |    780 |    859 |   4815 |   6 | 1333.0 |
         Swamp |   5749 |   5231 |    518 |   1151 |   3365 |   4 | 1437.2 |
     Snake Pit |   5468 |   5317 |    151 |   1773 |   2900 |   4 | 1367.0 |
    Slime Pits |    645 |    625 |     20 |    382 |      0 |   5 |  129.0 |
  Orcish Mines |   2770 |   2470 |    300 |   1028 |    886 |   2 | 1385.0 |
   Elven Halls |   3606 |   3287 |    319 |    634 |   1946 |   3 | 1202.0 |
        Vaults |  11612 |  10861 |    751 |   3152 |   6356 |   5 | 2322.4 |
         Crypt |   6265 |   5885 |    380 |   2170 |   2543 |   3 | 2088.3 |
          Tomb |   1984 |   1755 |    229 |    345 |    919 |   3 |  661.3 |
        Depths |   9777 |   9145 |    632 |   2505 |   4889 |   5 | 1955.4 |
           Zot |   4223 |   4006 |    217 |    844 |   2403 |   5 |  844.6 |
         Abyss |   3811 |   3811 |      0 |    528 |    847 |  11 |  346.5 |
   Pandemonium |   9964 |   9964 |      0 |   2016 |   3520 |  20 |  498.2 |
      Ziggurat |  18727 |  18727 |      0 |   8318 |    142 | 135 |  138.7 |
        Bazaar |    263 |    263 |      0 |      0 |     59 |   2 |  131.5 |
      Ice Cave |    690 |    690 |      0 |    498 |      0 |   1 |  690.0 |
      Gauntlet |    721 |    721 |      0 |    109 |    356 |   1 |  721.0 |
               +--------+--------+--------+--------+--------+-----+--------+

Top non-repeatable levels by time:
Depths:4: 3239 daAuts
Vaults:4: 3231 daAuts
Vaults:1: 2483 daAuts
 Crypt:3: 2468 daAuts
 Crypt:1: 2445 daAuts
Vaults:3: 2183 daAuts
 Abyss:2: 2160 daAuts
  Lair:6: 2133 daAuts
Vaults:2: 2129 daAuts
    D:15: 1996 daAuts
Depths:2: 1869 daAuts
Depths:3: 1791 daAuts
     D:9: 1709 daAuts
 Snake:4: 1690 daAuts
    D:11: 1674 daAuts
